 Dungeon Crawl Stone Soup version 0.30-a0-989-g0d87f670db (webtiles) character file.

Game seed: 8112829655612169069

14461874 RepoMan the Genius of the Arcane (level 27, 240/240 HPs)
             Began as a Mummy Conjurer on Mar 28, 2023.
             Was the Champion of Sif Muna.
             Escaped with the Orb
             ... and 15 runes on Apr 4, 2023!
             The game lasted 15:52:38 (109651 turns).

RepoMan the Genius of the Arcane (Mummy Conjurer) Turns: 109651, Time: 15:52:39

Health: 240/240    AC: 20    Str: 18    XL:     27
Magic:  62/70      EV: 16    Int: 44    God:    Sif Muna [******]
Gold:   10102      SH: 31    Dex: 20    Spells: 7/74 levels left

rFire   + + +      SeeInvis .    w - staff of fire "Zoynt" {rF+ rN+ Dex+4}
rCold   + + +      Faith    +    x - +8 tower shield {rC+ rF+}
rNeg    + + +      Spirit   .    g - +1 scale mail of Resourcefulness {Regen+ Int+2}
rPois   ∞          Reflect  .    o - +3 hat of Pondering {ponderous, Will+ MP+10 Int+5}
rElec   .          Rampage  .    p - scarf {rC+ rF+}
rCorr   +                        Y - +3 pair of gloves "Dahi" {rN++}
Will    +++++                    t - +2 pair of boots {Fly}
Stlth   +                        c - amulet of Kor Ibea {RegenMP rC+ MP+9 Str+6}
HPRegen 1.40/turn                a - ring of Moru Qerani {Fire Will+++ Str-3 Int+2 Dex+3}
MPRegen 0.82/turn                q - ring of Soux {rCorr Str+3 Int+6 Dex+2 Stlth-}

@: flying, studying 4 skills, slow
A: cold resistance 1, negative energy resistance 3, torment resistance 2, heat
vulnerability 1, in touch with death 2, no potions, faith
0: Orb of Zot
}: 15/15 runes: decaying, slimy, silver, golden, iron, obsidian, icy, bone,
abyssal, demonic, glowing, magical, fiery, dark, gossamer
a: Renounce Religion, Channel Magic, Forget Spell, Divine Exegesis


You escaped.
You worshipped Sif Muna.
Sif Muna was exalted by your worship.
You visited 18 branches of the dungeon, and saw 88 of its levels.
You visited Pandemonium 1 time, and saw 20 of its levels.
You visited the Abyss 1 time.
You visited 2 ziggurats, and saw 27 of their levels (deepest: 18).
You also visited: Trove, Ossuary, Bailey and Gauntlet.

You collected 17252 gold pieces.
You spent 7150 gold pieces at shops.

Inventory:

Hand Weapons
 v - the +8 trident of the Octopus King {venom, rElec rPois}
   (You found it on level 5 of the Lair of Beasts)

   rElec:     It insulates you from electricity.
   rPois:     It protects you from poison.
Missiles
 k - 10 curare-tipped darts
 n - 4 throwing nets
Armour
 g - the +1 scale mail of Resourcefulness (worn) {Regen+ Int+2}
   (You bought it in a shop on level 2 of the Orcish Mines)

   Int:       It affects your intelligence (+2).
   Regen:     It increases your rate of health regeneration.
 o - the +3 hat of Pondering (worn) {ponderous, Will+ MP+10 Int+5}
   (You bought it in a shop on level 2 of the Orcish Mines)

   Int:       It affects your intelligence (+5).
   MP:        It affects your magic capacity (+10).
   Will:      It increases your willpower.
 p - a scarf of resistance (worn)
 t - a +2 pair of boots of flying (worn)
 x - a +8 tower shield of resistance (worn)
 A - the +9 storm dragon scales "Oriesoeh" {rElec rC+ Stlth+}
   (You found it on level 9 of a ziggurat)

   rC:        It protects you from cold.
   rElec:     It insulates you from electricity.
   Stlth:     It makes you more stealthy.
 B - a +2 cloak of preservation
 G - a +5 kite shield of protection
 T - the +0 tower shield "Onaxaluf" {rElec rF- rC- Int+5}
   (You found it in a treasure trove)

   Int:       It affects your intelligence (+5).
   rF:        It makes you vulnerable to fire.
   rC:        It makes you vulnerable to cold.
   rElec:     It insulates you from electricity.
 Y - the +3 pair of gloves "Dahi" (worn) {rN++}
   (You bought it in a shop on level 2 of the Orcish Mines)

   rN:        It greatly protects you from negative energy.
Magical Staves
 e - the staff of air "Kocit" {rElec rF++ rC+}
   (You found it on level 6 of a ziggurat)

   [staff of air]

   Base accuracy: +5 Base damage: 5 Base attack delay: 1.2 This weapon's minimum
   attack delay (0.6) is reached at skill level 12.
   rF:        It greatly protects you from fire.
   rC:        It protects you from cold.
   rElec:     It insulates you from electricity.
   It falls into the 'Staves' category.
   It is a one-handed weapon.
 w - the staff of fire "Zoynt" (weapon) {rF+ rN+ Dex+4}
   (You found it on level 3 of the Elven Halls)

   [staff of fire]

   Base accuracy: +5 Base damage: 5 Base attack delay: 1.2 This weapon's minimum
   attack delay (0.6) is reached at skill level 12.
   Dex:       It affects your dexterity (+4).
   rF:        It protects you from fire.
   rN:        It protects you from negative energy.
   It falls into the 'Staves' category.
   It is a one-handed weapon.
Jewellery
 a - the ring of Moru Qerani (left hand) {Fire Will+++ Str-3 Int+2 Dex+3}
   (You took it off a crimson imp in Pandemonium)

   [ring of fire]

   It enhances your fire magic.
   Str:       It affects your strength (-3).
   Int:       It affects your intelligence (+2).
   Dex:       It affects your dexterity (+3).
   rF:        It protects you from fire.
   rC:        It makes you vulnerable to cold.
   Will:      It greatly increases your willpower.
 c - the amulet of Kor Ibea (around neck) {RegenMP rC+ MP+9 Str+6}
   (You bought it in a shop on level 4 of the Depths)

   [amulet of magic regeneration]

   It increases your rate of magic regeneration.
   Str:       It affects your strength (+6).
   rC:        It protects you from cold.
   MP:        It affects your magic capacity (+9).
 d - a ring of see invisible
 q - the ring of Soux (right hand) {rCorr Str+3 Int+6 Dex+2 Stlth-}
   (You bought it in a shop on level 2 of the Depths)

   [ring of intelligence]

   Str:       It affects your strength (+3).
   Int:       It affects your intelligence (+6).
   Dex:       It affects your dexterity (+2).
   rCorr:     It protects you from acid and corrosion.
   Stlth:     It makes you less stealthy.
 F - the amulet of the Four Winds {rN+ Will+++ Clar}
   (You found it on level 16 of a ziggurat)

   [amulet of nothing]

   rN:        It protects you from negative energy.
   Clar:      It protects you against confusion.
   Will:      It greatly increases your willpower.
 N - the ring of the Barracuda {rElec rC++ Str+6}
   (You took it off a frost giant on level 1 of the Realm of Zot)

   [ring of strength]

   Str:       It affects your strength (+6).
   rC:        It greatly protects you from cold.
   rElec:     It insulates you from electricity.
 R - the dreamshard necklace {*Dream Drain}
   (You found it on level 5 of a ziggurat)

   [amulet of nothing]

   *Dream:    It shatters if its wearer takes lethal or near-lethal damage,
   preventing the blow and releasing protective dreams that heal and fight for
   the wearer.
   Drain:     It drains your maximum health when unequipped.
 S - a ring of flight
 U - the ring of Joyrar {rF++ Will+}
   (You found it in a Gauntlet)

   [ring of willpower]

   rF:        It greatly protects you from fire.
   Will:      It increases your willpower.
Wands
 D - a wand of mindburst (59)
 I - a wand of roots (52)
 K - a wand of light (31)
 L - a wand of paralysis (63)
 V - a wand of flame (87)
Scrolls
 b - 11 scrolls of vulnerability
 f - 5 scrolls of fear
 i - 9 scrolls of immolation
 j - 37 scrolls of teleportation
 l - 4 scrolls of enchant armour
 m - 2 scrolls of blinking
 r - 9 scrolls of noise
 u - 19 scrolls of amnesia
 z - 26 scrolls of fog
 C - 2 scrolls of butterflies
 H - 9 scrolls of magic mapping
 M - 29 scrolls of enchant weapon
 Q - a scroll of torment
 W - 11 scrolls of poison
 Z - 16 scrolls of silence
Miscellaneous
 h - a box of beasts
 s - a condenser vane
 y - the horn of Geryon
 E - a phial of floods
 J - a phantom mirror
 P - a tin of tremorstones (2/2)
 X - a lightning rod (4/4)


   Skills:
 - Level 24.4 Fighting
 - Level 6.6 Polearms
 - Level 9.9 Armour
 + Level 12.4 Dodging
 - Level 9.9 Stealth
 - Level 19.9 Shields
 * Level 24.3 Spellcasting
 O Level 27 Conjurations
 - Level 1.1 Hexes
 - Level 1.1 Translocations
 - Level 1.1 Transmutations
 O Level 27 Fire Magic
 - Level 1.1 Air Magic
 - Level 6.6 Poison Magic
 O Level 27 Invocations
 - Level 9.9 Evocations


You had 7 spell levels left.
You knew the following spells:

 Your Spells              Type           Power      Damage    Failure   Level
a - Iron Shot             Conj/Erth      53%        9d10      1%          6
b - Blink                 Tloc           100%       N/A       1%          2
c - Mephitic Cloud        Conj/Pois/Air  100%       N/A       1%          3
d - Orb of Destruction    Conj           69%        9d16      1%          7
e - Fireball              Conj/Fire      95%        3d35      0%          5
f - Fire Storm            Conj/Fire      95%        8d24      2%          9
g - Apportation           Tloc           100%       N/A       1%          1
i - Ignite Poison         Fire/Tmut/Pois 100%       N/A       1%          3
m - Iskenderun's Mystic   Conj/Tloc      100%       2d19      1%          4
o - Iskenderun's Battles  Conj           100%       2d15      0%          5
q - Magic Dart            Conj           100%       1d8       0%          1
s - Starburst             Conj/Fire      95%        6d24      0%          6
v - Poisonous Vapours     Pois/Air       100%       N/A       1%          2
I - Ignition              Fire           95%        3d24      1%          8
X - Irradiate             Conj/Tmut      54%        3d29      1%          5

Your spell library contained the following spells:

 Spells                   Type           Power      Damage    Failure   Level
 Foxfire                  Conj/Fire      100%       2x1d6     0%          1
 Kiss of Death            Conj/Necr      100%       2d13      0%          1
 Shock                    Conj/Air       100%       1d9       0%          1
 Momentum Strike          Conj/Tloc      100%       3d10      0%          2
 Scorch                   Fire           100%       2d10      0%          2
 Searing Ray              Conj           100%       2d8       0%          2
 Static Discharge         Conj/Air       100%       2-7/arc   0%          2
 Dazzling Flash           Conj/Hex       100%       N/A       0%          3
 Inner Flame              Hex/Fire       100%       N/A       0%          3
 Flame Wave               Conj/Fire      100%       2d21      0%          4
 Sticky Flame             Conj/Fire      100%       2d11      0%          4
 Freeze                   Ice            100%       1d10      1%          1
 Necrotise                Necr           100%       1d9       1%          1
 Sandblast                Erth           100%       2d20      1%          1
 Slow                     Hex            100%       N/A       1%          1
 Sting                    Tmut/Pois      100%       1d8       1%          1
 Summon Small Mammal      Summ           100%       N/A       1%          1
 Cigotuvi's Dreadful Rot  Necr/Pois/Air  100%       N/A       1%          2
 Ensorcelled Hibernation  Hex/Ice        100%       N/A       1%          2
 Lesser Beckoning         Tloc           100%       N/A       1%          2
 Passwall                 Tmut/Erth      45%        N/A       1%          2
 Hailstorm                Conj/Ice       100%       3d20      1%          3
 Kindle Blastsparks       Fire/Tloc/Air  100%       2d18      1%          3
 Stone Arrow              Conj/Erth      100%       3d13      1%          3
 Fulminant Prism          Conj/Hex       54%        3d23      1%          4
 Olgreb's Toxic Radiance  Pois           84%        N/A       1%          4
 Arcjolt                  Conj/Air       54%        1d64      1%          5
 Freezing Cloud           Conj/Ice/Air   47%        6-21      1%          5
 Plasma Beam              Fire/Air       79%        2x1d70    1%          5
 Conjure Ball Lightning   Conj/Air       54%        3x3d20    1%          6
 Call Imp                 Summ           52%        N/A       2%          2
 Confusing Touch          Hex            58%        N/A       3%          3
 Gell's Gravitas          Tloc           58%        N/A       3%          3
 Portal Projectile        Hex/Tloc       100%       N/A       3%          3
 Swiftness                Air            58%        N/A       3%          3
 Teleport Other           Tloc           58%        N/A       3%          3
 Tukima's Dance           Hex            58%        N/A       3%          3
 Vhi's Electric Charge    Tloc/Air       100%       N/A       3%          3
 Summon Guardian Golem    Hex/Summ       55%        N/A       4%          3
 Call Canine Familiar     Summ           52%        N/A       5%          3
 Frozen Ramparts          Ice            100%       1d16      5%          3
 Ozocubu's Armour         Ice            52%        N/A       5%          3
 Vampiric Draining        Necr           88%        2d12      5%          3
 Spellforged Servitor     Conj/Summ      53%        N/A       6%          7
 Alistair's Intoxication  Tmut/Pois      48%        N/A       10%         5
 Airstrike                Air            29%        2d(5-21)  11%         4
 Cause Fear               Hex            29%        N/A       11%         4
 Manifold Assault         Tloc           58%        N/A       11%         4
 Passage of Golubria      Tloc           58%        N/A       11%         4
 Anguish                  Hex/Necr       46%        N/A       14%         4
 Leda's Liquefaction      Hex/Erth       27%        N/A       14%         4
 Petrify                  Tmut/Erth      55%        N/A       14%         4
 Summon Lightning Spire   Summ/Air       55%        N/A       14%         4
 Animate Armour           Summ/Erth      100%       N/A       17%         4
 Animate Dead             Necr           88%        N/A       17%         4
 Dispel Undead            Necr           88%        3d28      17%         4
 Summon Ice Beast         Ice/Summ       52%        N/A       17%         4
 Silence                  Hex/Air        29%        N/A       30%         5
 Yara's Violent Unravell  Hex/Tmut       29%        3d12      30%         5
 Metabolic Englaciation   Hex/Ice        27%        N/A       36%         5
 Summon Forest            Summ/Tloc      27%        N/A       36%         5
 Summon Mana Viper        Hex/Summ       55%        N/A       36%         5
 Agony                    Necr           88%        N/A       43%         5
 Borgnjor's Vile Clutch   Necr/Erth      44%        N/A       43%         5
 Lee's Rapid Deconstruct  Erth           26%        3d14*     43%         5
 Eringya's Noxious Bog    Tmut/Pois      36%        N/A       47%         6
 Dispersal                Tloc           29%        N/A       86%         6
 Death Channel            Necr           44%        N/A       95%         6
 Simulacrum               Ice/Necr       44%        N/A       95%         6
 Summon Cactus Giant      Summ           26%        N/A       95%         6
 Enfeeble                 Hex            29%        N/A       100%        7
 Haunt                    Necr/Summ      44%        N/A       100%        7
 Malign Gateway           Summ/Tloc      27%        N/A       100%        7
 Monstrous Menagerie      Summ           26%        N/A       100%        7
 Ozocubu's Refrigeration  Ice            26%        4d13      100%        7
 Summon Hydra             Summ           26%        N/A       100%        7
 Lehudib's Crystal Spear  Conj/Erth      53%        10d13     41%         8
 Chain Lightning          Conj/Air       54%        3d72      99%         9
 Discord                  Hex            29%        N/A       100%        8
 Disjunction              Tloc           29%        N/A       100%        8
 Infestation              Necr           44%        N/A       100%        8
 Maxwell's Capacitive Co  Air            29%        ∞         100%        8
 Summon Horrible Things   Summ           26%        N/A       100%        8
 Dragon's Call            Summ           26%        N/A       100%        9
 Polar Vortex             Ice            26%        N/A       100%        9
 Shatter                  Erth           26%        3d22*     100%        9
 Ice Form                 Ice/Tmut       Unusable   N/A       N/A         4
 Blade Hands              Tmut           Unusable   N/A       N/A         5
 Dragon Form              Tmut           Unusable   N/A       N/A         7
 Storm Form               Tmut/Air       Unusable   N/A       N/A         7
 Death's Door             Necr           Unusable   N/A       N/A         9

Dungeon Overview and Level Annotations

Branches:
Dungeon (15/15)            Temple (1/1) D:6            Lair (5/5) D:9
  Swamp (4/4) Lair:2       Spider (4/4) Lair:3        Slime (5/5) Lair:5
    Orc (2/2) D:12            Elf (3/3) Orc:2        Vaults (5/5) D:14
  Crypt (3/3) Vaults:3       Tomb (3/3) Crypt:3      Depths (4/4) D:15
   Hell (visited)             Dis (7/7) Hell            Geh (7/7) Hell
    Coc (7/7) Hell            Tar (7/7) Hell            Zot (5/5) Depths:4
Ossuary (visited)          Bailey (visited)         Gauntlet (visited)

Altars:
Ashenzari
Cheibriados
Dithmenos
Fedhas
Gozag
Qazlal
Ru
Sif Muna
Wu Jian
Xom
Jiyva
Lugonu

Shops:
D:4 !   D:5 *   D:9 *   D:10 ?   Orc:2 [*[*[=[(?   Elf:1 (   Elf:2 *
Vaults:1 ?   Vaults:2 [   Vaults:4 (   Vaults:5 (   Depths:1 [!
Depths:2 **=([   Depths:3 (   Depths:4 *=

Portals:
Hell: Depths:1 Depths:3 Depths:4
Abyss: Depths:3 Depths:4
Pandemonium: Depths:1 Depths:2

Annotations:
D:10 4 transporters


Innate Abilities, Weirdness & Mutations

You are immune to poison.
Your flesh is cold resistant. (rC+)
You are immune to negative energy. (rN+++)
You are immune to unholy pain and torment.
You are vulnerable to heat. (rF-)
You are strongly in touch with the powers of death.
You do not drink.
You have a special connection with the divine. (Faith)


Message History

A rock wall.
This square is covered in magical glow.
The rock shatters into small pieces.
There is a stone staircase leading up here.
You fly upwards.
There is a stone staircase leading down here.
Aiming: Dig
Press: ? - help, Shift-Dir - straight line This square is covered in magical glow.
The rock shatters into small pieces.
The now-empty wand crumbles to dust.
An Orb Guardian comes into view.
Casting: Fire Storm (dangerous; 2% risk of failure)
Confirm with . or Enter, or press ? or * to list all spells.
Aiming: Fire Storm (dangerous; 2% risk of failure)
Press: ? - help, Dir - move target You feel a strong surge of power!
A raging storm of fire appears!
The great blast of fire engulfs the Orb Guardian!!!
The Orb Guardian is almost dead.
Casting: Fire Storm (dangerous; 2% risk of failure)
Confirm with . or Enter, or press ? or * to list all spells.
Aiming: Fireball (safe; 0% risk of failure)
Press: ? - help, Shift-Dir - straight line, f - Orb Guardian
Aim: an Orb Guardian (steam, almost dead)
You feel a strong surge of power!
The fireball explodes!
The fireball engulfs the Orb Guardian!!!
You kill the Orb Guardian!
Sif Muna accepts your kill. The fireball engulfs your fire vortex.
Your fire vortex completely resists.
There is a staircase leading out of the dungeon here.
As you read the scroll of butterflies, it crumbles to dust.
You hear the flapping of tiny wings.
Your fire vortex is knocked back by the sudden gust.
Your butterfly is engulfed in a cloud of scalding steam.
You kill your butterfly!
Your butterfly disappears in a burst of colours!
Your butterfly is engulfed in a cloud of scalding steam.
You kill your butterfly!
Your butterfly disappears in a burst of colours!
You have escaped!

#'### #......#...#...#........
#'### ##...~≈.~...#..###.#####
....# #.##.b~.~~~...##........
....# ##.#..~~≈~~.~###.).#####
....# #....b~≈≈b.~#.##...# ....#
##..~bbb~≈~~#####.## ....#
#.b~~bb~b~b.# #.# ..###
##.~≈bbb~~bb.####.# ...#
##..~~b.@~b~~~##...# ## ...#
#)#.~.b~bb≈b~.#...## #. ...#
#.#..~bv.~b≈~.##.## #. ...#
###..v≈bb≈≈≈~.#### #. ...#
##...v~≈≈≈b~..## ######. #'##
#≈≈b...~~≈~~...# #...... #.#
##.~~~...~.....####.####'
#.########.~≈~.....#...##...#....
........###.~≈..#..##...#...#....


You could see 3 friendly fire vortices.

Vanquished Creatures
  Cerebov (Pan)
  Antaeus (Coc:7)
  Asmodeus (Geh:7)
  the Royal Jelly (Slime:5)
  Ereshkigal (Tar:7)
  Ignacio (Pan)
  Gloorx Vloq (Pan)
  Mnoleg (Pan)
  Lom Lobon (Pan)
  4 dread liches
  the Serpent of Hell (Tar:7)
  4 ancient liches
  Dispater (Dis:7)
  Khufu (Tomb:2)
  6 orbs of fire (Zot:5)
  Mara (Swamp:3)
  9 pandemonium lords
  5 juggernauts
  32 royal mummies
  Josephina (Depths:4)
  Vv (Zot:3)
  12 Killer Klowns
  The ghost of Ozunowat the Deadly Accurate, a veteran GnSk of Cheibriados (Depths:4)
  16 shard shrikes
  Bai Suzhen (Depths:1)
  4 curse toes
  28 caustic shrikes
  12 golden dragons
  Geryon (Hell)
  the Enchantress (Depths:1)
  23 profane servitors
  12 bone dragons
  6 electric golems
  20 Tzitzimimeh
  12 iron giants
  12 doom hounds
  4 spectral shard shrikes
  24 Brimstone Fiends
  A shard shrike zombie (Crypt:3)
  11 hellephants
  Jorgrun (D:14)
  13 tentacled monstrosities
  19 Ice Fiends
  Rupert (D:15)
  27 Orb Guardians
  Asterion (Depths:2)
  26 Hell Sentinels
  10 liches
  20 tainted leviathans
  25 acid blobs
  23 searing wretches
  8 deep elf blademasters
  31 titans
  8 quicksilver dragons
  3 deep elf master archers
  31 ancient champions
  27 Executioners
  10 death cobs
  14 sphinxes
  8 tentacled starspawn
  Frances (D:13)
  9 shadow dragons
  A thorn hunter (Swamp:1)
  Roxanne (D:15)
  5 revenants
  11 tengu reavers
  15 storm dragons
  7 draconian monks
  19 azure jellies
  A frost giant (shapeshifter) (Zig:8)
  2 daevas
  22 fire giants
  4 fenstrider witches (Swamp:4)
  8 quicksilver elementals
  9 draconian knights
  9 deep elf sorcerers
  9 demonspawn warmongers (Pan)
  25 frost giants
  6 ghost moths
  21 narguns
  9 draconian scorchers
  11 rockslimes
  6 emperor scorpions
  66 balrugs
  Aizul (Spider:1)
  16 vault wardens
  Louise (Elf:1)
  7 iron dragons
  A caustic shrike zombie (Zig:10)
  7 draconian shifters
  9 ghouls
  3 orc warlords (Zig:11)
  The ghost of Hallut the Thrower, a journeyman OgFi (D:14)
  A juggernaut zombie (Crypt:3)
  3 spriggan defenders (Depths:1)
  5 deep elf elementalists
  8 curse skulls
  8 shard shrike simulacra
  13 demonspawn blood saints (Pan)
  35 reapers
  2 spectral caustic shrikes
  22 war gargoyles
  2 draconian stormcallers
  17 very ugly things
  14 demonspawn corrupters
  11 draconian annihilators
  6 broodmothers
  16 ironbound preservers
  33 stone giants
  4 juggernaut skeletons
  28 cacodemons
  8 deep elf demonologists
  6 quicksilver oozes
  8 vampire knights
  28 putrid mouths
  The ghost of fly the Carver, a journeyman DgDe (D:15)
  10 green draconians
  13 deep elf annihilators
  8 ironbound thunderhulks
  16 dire elephants
  13 demonspawn black suns (Pan)
  8 bunyips
  17 wendigos
  8 bennus
  3 eleionomae
  The ghost of
  112233 the Thaumaturge, a journeyman HuIE of Vehumet (D:13)
  14 black draconians
  16 white draconians
  21 lorocyprocas (Pan)
  2 spectral titans
  The ghost of Xefoanen the Fighter, a journeyman MiFi of Okawaru (Orc:1)
  13 red draconians
  7 spark wasps
  11 purple draconians
  35 elemental wellsprings
  14 yellow draconians
  27 blizzard demons
  32 iron golems
  21 green deaths
  10 jiangshi
  26 ettins
  10 eidola
  3 shambling mangroves
  Snorg (D:11)
  2 crystal guardians
  8 deep elf death magi
  29 mummy priests
  A spectral golden dragon (Tar:4)
  6 entropy weavers
  2 spectral krakens (Tar:7)
  10 fire dragons
  2 merfolk impalers
  3 spectral spriggans
  6 deep elf high priests
  12 great orbs of eyes
  Harold (D:11)
  8 ice dragons
  4 rakshasas
  4 spriggan zombies
  5 yaktaur captains
  9 salamander tyrants
  8 hell beasts
  26 hydras
  11 caustic shrike simulacra
  7 spriggan air magi
  36 vault guards
  A peacekeeper (Vaults:1)
  2 merfolk avatars
  12 ironbound frosthearts
  A spectral stone giant (Tar:6)
  A catoblepas (D:15)
  A radroach (Spider:1)
  15 centaur warriors
  8 juggernaut simulacra
  An anaconda (shapeshifter) (Vaults:5)
  7 stokers
  3 ghost crabs
  9 boulder beetles
  A fenstrider witch skeleton (Pan)
  An anaconda (Zig:3)
  22 two-headed ogres
  A jorogumo (Spider:2)
  7 spriggan skeletons
  2 death knights
  3 deep troll shamans
  8 ogre magi
  40 dancing weapons
  9 alligators
  Urug (Lair:1)
  3 tengu warriors
  A titan zombie (D:15)
  3 orc high priests
  6 vampire magi
  7 deep troll earth magi
  57 death scarabs
  2 spectral dire elephants
  A spectral naga (Tar:7)
  28 hell hogs
  5 death yaks
  3 shock serpents (Pan)
  9 thrashing horrors
  A naga sharpshooter (Zig:3)
  3 spriggan berserkers
  26 deep elf knights
  Nergalle (D:11)
  17 crystal echidnas
  A storm dragon zombie (D:15)
  8 shadow wraiths
  4 pharaoh ants
  7 wretched stars
  3 spectral bunyips (Tar:1)
  33 sixfirhies
  3 titan skeletons
  A fire crab (Gauntlet)
  20 hell knights
  11 iron trolls
  71 soul eaters
  100 sun demons
  32 skeletal warriors
  4 skysharks
  5 quicksilver dragon simulacra
  A cherub (Pan)
  An anaconda zombie (Hell)
  2 golden dragon zombies
  9 goliath frogs
  3 spatial maelstroms
  7 swamp dragons
  6 glowing orange brains
  A swamp dragon (shapeshifter) (Zig:9)
  11 deep elf archers
  10 flayed ghosts
  A deep troll (shapeshifter) (D:15)
  13 orb spiders
  18 wizards
  A glowing orange brain (shapeshifter) (D:14)
  3 spectral anacondas
  A storm dragon skeleton (Depths:2)
  A bunyip skeleton (Crypt:3)
  10 shadow demons
  46 deep trolls
  5 lindwurms
  6 spriggan druids
  An orange crystal statue (Vaults:1)
  A fenstrider witch simulacrum (Coc:2)
  4 steelbarb worms
  A death drake (Abyss:1)
  2 sea snakes
  14 phantasmal warriors
  11 bog bodies
  5 spriggan simulacra
  An anaconda skeleton (Crypt:3)
  An obsidian statue (Depths:4)
  20 ironbound convokers
  A frost giant zombie (Vaults:1)
  A shadow dragon zombie (Tomb:1)
  18 wolf spiders
  A broodmother zombie (Crypt:1)
  A golden dragon skeleton (Hell)
  An iron dragon zombie (Tomb:1)
  17 necromancers
  38 ugly things
  A wolf spider (shapeshifter) (Vaults:3)
  9 harpies
  7 orc knights
  18 deep elf zephyrmancers
  5 orc sorcerers
  A tengu skeleton (Depths:1)
  24 deep elf pyromancers
  10 cyclopes
  A manticore (shapeshifter) (D:15)
  8 shining eyes
  11 manticores
  3 will-o-the-wisps
  A shadow dragon skeleton (Depths:2)
  2 spectral centaurs (Tar:1)
  4 worldbinders
  8 black mambas
  A centaur zombie (Tomb:1)
  2 stone giant skeletons
  A cyclops (shapeshifter) (Vaults:5)
  13 elephants
  39 moths of wrath
  2 moths of wrath (shapeshifter) (Vaults:5)
  4 ice statues (Coc:2)
  A spectral ettin (Tar:7)
  An iron dragon skeleton (Crypt:2)
  4 human skeletons
  A naga mage (Zig:3)
  26 demonic crawlers
  A dire elephant zombie (Crypt:1)
  8 spectral swamp worms (Tar:7)
  An apocalypse crab (Zig:13)
  A shock serpent zombie (Crypt:3)
  58 smoke demons
  14 vault sentinels
  8 titan simulacra
  A water nymph (Zig:6)
  5 eyes of devastation
  8 molten gargoyles
  A rust devil (Pan)
  33 orange demons
  3 gargoyles
  Maggie (D:6)
  3 torpor snails
  2 dire elephant skeletons (Crypt:3)
  3 unseen horrors (Pan)
  An alligator snapping turtle zombie (Hell)
  A torpor snail (shapeshifter) (Zig:8)
  47 hellions
  4 rime drakes
  15 cane toads
  20 yaktaurs
  A catoblepas zombie (Crypt:3)
  2 kobold demonologists (Depths:4)
  5 tengu conjurers
  A yaktaur (shapeshifter) (Depths:3)
  9 efreet
  4 iron giant simulacra
  11 freezing wraiths
  76 guardian mummies
  5 golden dragon simulacra
  9 anaconda simulacra
  2 naga skeletons
  33 tormentors
  An alligator snapping turtle skeleton (Crypt:3)
  15 red devils
  8 komodo dragons
  2 harpy zombies
  A sea snake skeleton (Crypt:1)
  8 ancient zymes
  13 tyrant leeches
  4 ice devils
  A polar bear (Zig:12)
  A yaktaur skeleton (Vaults:2)
  A hydra zombie (Hell)
  A silent spectre (Tar:3)
  5 spectral harpies
  A meliai (shapeshifter) (Vaults:5)
  20 hellwings (Pan)
  A wind drake (Zig:2)
  6 merfolk (Zig:6)
  6 meliai
  A merfolk (shapeshifter) (D:13)
  30 tarantellas
  17 hornets
  13 trolls
  2 ettin zombies
  A boulder beetle zombie (Crypt:1)
  3 raiju
  An ice dragon zombie (Crypt:1)
  11 blink frogs
  5 iron dragon simulacra
  20 jumping spiders
  A jumping spider (shapeshifter) (Depths:3)
  A great orb of eyes zombie (Crypt:2)
  64 slime creatures
  A culicivora (shapeshifter) (Zig:1)
  An ettin skeleton (Pan)
  An air elemental (Elf:1)
  19 shadows
  3 centaur simulacra
  6 dire elephant simulacra
  32 ynoxinuls
  54 flying skulls
  22 culicivoras
  9 spriggans
  48 ushabtiu
  23 yaks
  A spriggan (shapeshifter) (D:15)
  2 black mamba skeletons
  6 fire elementals
  7 water elementals
  3 wyverns
  2 steam dragons
  5 wraiths
  19 humans (D:14)
  A wind drake zombie (Crypt:2)
  4 fire bats
  5 golden eyes
  7 small abominations (Abyss:1)
  27 starcursed masses
  4 vampire mosquitoes (D:11)
  6 basilisks
  33 neqoxecs
  63 redbacks
  An alligator snapping turtle simulacrum (Coc:3)
  42 chaos spawn
  A merfolk zombie (Crypt:1)
  A deep troll zombie (Crypt:3)
  74 large abominations
  A glowing shapeshifter zombie (Vaults:2)
  15 harpy simulacra
  16 swamp worms
  5 wargs
  A hydra simulacrum (Coc:5)
  2 acid dragons
  A demonspawn skeleton (Crypt:3)
  A floating eye (Depths:4)
  4 hell hounds (Depths:2)
  12 water moccasins
  27 orc warriors
  A merfolk skeleton (Crypt:1)
  33 ogres
  2 swamp dragon zombies
  An elephant zombie (Crypt:1)
  2 ice beasts
  2 sky beasts
  5 swamp drakes
  6 black bears
  A black bear (shapeshifter) (D:10)
  3 ettin simulacra
  3 boggarts
  21 wolves
  22 centaurs
  A dream sheep skeleton (Crypt:2)
  A blink frog skeleton (Crypt:1)
  2 phantoms (D:6)
  A rime drake zombie (Crypt:3)
  3 elf zombies
  3 kobold brigands
  7 earth elementals
  2 naga simulacra
  3 glowing shapeshifter simulacra
  3 necrophages
  A scorpion (D:7)
  A gnoll sergeant (D:11)
  A human simulacrum (Depths:2)
  11 bullfrogs
  6 wights
  6 killer bees
  A swamp dragon simulacrum (Coc:1)
  2 wolf zombies (Crypt:1)
  2 electric eels
  9 crimson imps
  3 centaur skeletons
  10 hounds
  2 quasits (Abyss:1)
  11 orc priests
  A gnoll bouda (D:8)
  4 human zombies
  A sleepcap (D:4)
  Terence (D:2)
  19 orc wizards
  A hound zombie (Crypt:2)
  66 mummies
  Robin (D:2)
  10 gnolls
  2 adders
  6 white imps
  2 ufetubi
  An adder zombie (Ossuary)
  A jelly zombie (Crypt:3)
  A dart slug (D:3)
  56 orcs
  7 ball pythons
  4 bats
  5 endoplasms
  2 giant cockroaches
  2 gnoll zombies (Ossuary)
  23 goblins
  9 hobgoblins
  4 jackals (D:1)
  36 kobolds
  5 quokkas
  A river rat zombie (Crypt:1)
  A ball python skeleton (Crypt:2)
  3 frilled lizards
  A gnoll skeleton (Crypt:3)
  A hobgoblin zombie (Ossuary)
  2 jackal zombies
  A kobold skeleton (Crypt:3)
  A kobold zombie (Ossuary)
  3 orc zombies
  5 rats
  A rat zombie (Ossuary)
  9 butterflies (Dis:7)
  12 fire vortices
  A fulminant prism (Vaults:2)
  2 lurking horrors (Abyss:1)
  5 starspawn tentacles
4673 creatures vanquished.

Vanquished Creatures (collateral kills)
  2 royal mummies
  A profane servitor (Tar:1)
  A Tzitzimitl (Tar:7)
  An Orb Guardian (Zot:5)
  A frost giant (Zig:17)
  A death scarab (Tomb:1)
  A deep elf pyromancer (Zig:18)
  A spectral ettin (Tar:7)
  A hellion (Geh:3)
  A guardian mummy (Tomb:3)
  2 flying skulls (Tomb:3)
  A culicivora (Spider:1)
  A water elemental (Depths:2)
  A starcursed mass (Zig:16)
  An ogre (Zig:11)
  3 mummies
20 creatures vanquished.

Vanquished Creatures (others)
  2 eldritch tentacles
  A fire giant (Depths:3)
  A shard shrike simulacrum (Coc:2)
  A caustic shrike simulacrum (Coc:1)
  2 hell hogs (Geh:3)
  A wizard (Swamp:4)
  A deep elf pyromancer (Elf:1)
  A titan simulacrum (Depths:4)
  A hellion (Pan)
  An anaconda simulacrum (Coc:1)
  An iron giant simulacrum (Coc:7)
  A bloated husk (Swamp:4)
  A neqoxec (Pan)
  A killer bee (D:11)
  3 ball lightnings (Pan)
  2 creeping infernos (Geh:3)
  4 demonic plants (Pan)
  473 fire vortices
  85 fulminant prisms
  29 fungi
  65 plants
  2 starspawn tentacles (Abyss:1)
  13 withered plants
692 creatures vanquished.

Grand Total: 5385 creatures vanquished

Notes
Turn   | Place    | Note
-------+----------+-------------------------------------------
     0 | D:1      | RepoMan the Mummy Conjurer began the quest for the Orb.
     0 | D:1      | Reached XP level 1. HP: 13/13 MP: 4/4
   398 | D:1      | Reached XP level 2. HP: 19/19 MP: 0/6
   860 | D:1      | Found a faded altar of an unknown god.
   914 | D:1      | Gained mutation: You are in touch with the powers of death.
                  | [Mummy growth]
   914 | D:1      | Reached XP level 3. HP: 24/24 MP: 2/7
  1613 | D:2      | Noticed Robin
  1628 | D:1      | Learned a level 2 spell: Searing Ray
  1632 | D:1      | Learned a level 3 spell: Dazzling Flash
  1725 | D:2      | Killed Robin
  2013 | D:2      | Reached XP level 4. HP: 30/30 MP: 7/9
  2161 | D:2      | Noticed Terence
  2953 | D:3      | Found a shadowy altar of Dithmenos.
  3330 | D:3      | Found a shimmering altar of Xom.
  3335 | D:3      | Reached XP level 5. HP: 35/35 MP: 7/11
  3335 | D:3      | Found a snail-covered altar of Cheibriados.
  3335 | D:3      | Found a shimmering blue altar of Sif Muna.
  3337 | D:3      | Found a basalt altar of Yredelemnul.
  3337 | D:3      | Found a shimmering altar of Xom.
  3337 | D:3      | Found a shimmering altar of Xom.
  3652 | D:4      | Found Teibir's Distillery.
  3743 | D:4      | Noticed an ogre
  3747 | D:4      | Killed an ogre
  3748 | D:4      | Reached skill level 5 in Conjurations
  3796 | D:4      | Found a sand-covered staircase.
  3805 | Ossuary  | Entered an ossuary
  3937 | Ossuary  | Reached skill level 5 in Spellcasting
  3937 | Ossuary  | Reached XP level 6. HP: 24/41 MP: 4/13
  4307 | D:4      | Learned a level 3 spell: Mephitic Cloud
  4856 | D:5      | Entered Level 5 of the Dungeon
  4856 | D:5      | Noticed an ice beast
  4863 | D:5      | Killed an ice beast
  4864 | D:5      | Reached XP level 7. HP: 46/46 MP: 6/15
  5333 | D:5      | Identified the +4 sling "Beffu" {heavy, +Blink rPois MP+9
                  | Str-2}
  5608 | D:5      | Found Boinel's Lightly-Used Armoury.
  5749 | D:5      | Reached XP level 8. HP: 52/52 MP: 13/18
  5754 | D:5      | Learned a level 4 spell: Fulminant Prism
  5759 | D:5      | Learned a level 4 spell: Iskenderun's Mystic Blast
  5837 | D:5      | Found a snail-covered altar of Cheibriados.
  6060 | D:6      | Reached skill level 1 in Hexes
  6114 | D:6      | Found a staircase to the Ecumenical Temple.
  6126 | D:6      | Reached skill level 1 in Translocations
  6145 | Temple   | Entered the Ecumenical Temple
  6163 | Temple   | Became a worshipper of Sif Muna the Loreminder
  6464 | D:6      | Noticed Maggie
  6776 | D:7      | Reached XP level 9. HP: 57/57 MP: 11/20
  7011 | D:7      | You fall into a shaft and drop 1 floor!
  7044 | D:8      | Reached * piety under Sif Muna
  8202 | D:7      | Reached skill level 1 in Fighting
  8375 | D:7      | Reached skill level 1 in Shields
  8518 | D:9      | Found a flagged portal.
  8526 | Bailey   | Entered a bailey
  8535 | Bailey   | Noticed an orc knight
  8545 | Bailey   | Noticed an orc knight
  8601 | Bailey   | Reached ** piety under Sif Muna
  8609 | Bailey   | Killed an orc knight
  8895 | Bailey   | Killed an orc knight
  8896 | Bailey   | Reached XP level 10. HP: 43/71 MP: 6/21
  9134 | D:9      | Found a staircase to the Lair.
  9320 | D:9      | Learned a level 2 spell: Blink
  9362 | D:9      | Found Ben Xieh's General Store.
  9368 | D:9      | Bought a scroll of identify for 28 gold pieces
  9368 | D:9      | Bought a wand of roots (2) for 67 gold pieces
  9486 | D:9      | Reached skill level 1 in Invocations
  9508 | D:9      | Reached skill level 5 in Fighting
  9541 | D:9      | Noticed a two-headed ogre
  9567 | D:9      | Killed a two-headed ogre
 10280 | D:10     | Entered Level 10 of the Dungeon
 10321 | D:10     | Noticed a two-headed ogre
 10344 | D:10     | Reached *** piety under Sif Muna
 10426 | D:10     | Killed a two-headed ogre
 10427 | D:10     | Reached skill level 10 in Conjurations
 10536 | D:10     | Found a transporter.
 10551 | D:10     | Found a transporter.
 10576 | D:10     | Found a transporter.
 10599 | D:10     | Found a transporter.
 10638 | D:10     | Found Jutaosoa's Magic Scroll Shop.
 10641 | D:10     | Bought a scroll of fear for 48 gold pieces
 10641 | D:10     | Bought a scroll of fog for 48 gold pieces
 10641 | D:10     | Bought a scroll of identify for 24 gold pieces
 10641 | D:10     | Bought a scroll of teleportation for 36 gold pieces
 10641 | D:10     | Bought a scroll of teleportation for 36 gold pieces
 10641 | D:10     | Bought a scroll of identify for 24 gold pieces
 10641 | D:10     | Bought a scroll of teleportation for 36 gold pieces
 10641 | D:10     | Bought a scroll of immolation for 48 gold pieces
 10641 | D:10     | Bought a scroll of noise for 12 gold pieces
 10720 | D:10     | Found a broken altar of Ashenzari.
 10720 | D:10     | Found an ornate altar of the Wu Jian Council.
 10797 | D:11     | Noticed Harold
 10798 | D:11     | Noticed Nergalle
 10866 | Lair:1   | Entered Level 1 of the Lair of Beasts
 10927 | Lair:1   | Noticed a cane toad
 10934 | Lair:1   | Reached skill level 5 in Shields
 10960 | Lair:1   | Noticed a cane toad
 11230 | Lair:1   | Learned a level 5 spell: Iskenderun's Battlesphere
 11235 | Lair:1   | Reached XP level 11. HP: 83/83 MP: 14/22
 11267 | Lair:1   | Noticed Urug
 11512 | Lair:1   | Reached skill level 5 in Invocations
 11547 | Lair:1   | Reached **** piety under Sif Muna
 11802 | Lair:1   | Killed Urug
 12351 | Lair:2   | Found a staircase to the Swamp.
 12814 | Lair:2   | You fall into a shaft and drop 1 floor!
 13417 | Lair:3   | Noticed a skyshark
 13435 | Lair:3   | Killed a skyshark
 13635 | Lair:3   | Found a hole to the Spider Nest.
 13664 | Lair:3   | Reached XP level 12. HP: 92/92 MP: 18/23
 14696 | Lair:4   | Reached ***** piety under Sif Muna
 14788 | Lair:4   | Noticed a four-headed hydra
 14799 | Lair:4   | Killed a four-headed hydra
 14887 | Lair:4   | Received a gift from Sif Muna
 15251 | Lair:5   | Entered Level 5 of the Lair of Beasts
 15251 | Lair:5   | Noticed a four-headed hydra
 15259 | Lair:5   | Killed a four-headed hydra
 15295 | Lair:5   | Found a viscous altar of Jiyva.
 15295 | Lair:5   | Found a staircase to the Slime Pits.
 15298 | Lair:5   | Noticed a death yak
 15299 | Lair:5   | Noticed a death yak
 15301 | Lair:5   | Noticed a death yak
 15303 | Lair:5   | Noticed a death yak
 15335 | Lair:5   | Noticed a six-headed hydra
 15754 | D:2      | Killed Terence
 16088 | D:6      | Killed Maggie
 16458 | D:11     | Killed Nergalle
 16529 | D:11     | Noticed a two-headed ogre
 16551 | D:11     | Killed Harold
 16552 | D:11     | Killed a two-headed ogre
 16643 | D:11     | Noticed a two-headed ogre
 16662 | D:11     | Killed a two-headed ogre
 16800 | D:11     | Noticed Snorg
 16885 | D:11     | Gained mutation: You are strongly in touch with the powers
                  | of death. [Mummy growth]
 16885 | D:11     | Reached XP level 13. HP: 93/100 MP: 21/26
 16962 | D:11     | Killed Snorg
 17235 | D:12     | Found a staircase to the Orcish Mines.
 17237 | D:12     | Found a gate leading to a gauntlet.
 17248 | Gauntlet | Entered a Gauntlet
 17248 | Gauntlet | Found a transporter.
 17248 | Gauntlet | Found a transporter.
 17260 | Gauntlet | Found a transporter.
 17261 | Gauntlet | Found a transporter.
 17275 | Gauntlet | Found a transporter.
 17275 | Gauntlet | Found a transporter.
 17280 | Gauntlet | Found a runed translucent door.
 17286 | Gauntlet | Found a transporter.
 17302 | Gauntlet | Found a transporter.
 17306 | Gauntlet | Found a transporter.
 17324 | Gauntlet | Found a transporter.
 17333 | Gauntlet | Found a transporter.
 17336 | Gauntlet | Found a transporter.
 17685 | Gauntlet | Identified the ring of Joyrar {rF++ Will+}
 17730 | Gauntlet | Identified the +2 trident of Light {drain, Int+3}
 17730 | Gauntlet | Identified the +0 gold dragon scales "Melai" {-Cast Fly
                  | rPois rF+ rC+ rN+}
 17730 | Gauntlet | Noticed a minotaur
 17764 | Gauntlet | Identified the +0 leather armour "Itoamech" {rF+ SInv}
 17766 | Gauntlet | Identified the ring of the Moon {*Corrode Fly Dex+4}
 18026 | Orc:1    | Entered Level 1 of the Orcish Mines
 18047 | Orc:1    | Learned a level 7 spell: Orb of Destruction
 18065 | Orc:1    | Received a gift from Sif Muna
 18066 | Orc:1    | Got Sif Muna's Almanac of Ice {god gift}
 18198 | Orc:1    | Found a runed translucent door.
 18198 | Orc:1    | Noticed Xefoanen's ghost (journeyman MiFi)
 18363 | Orc:2    | Entered Level 2 of the Orcish Mines
 18432 | Orc:2    | Found a staircase to the Elven Halls.
 18522 | Orc:2    | Found Jakkoac's Weapon Shoppe.
 18580 | Orc:2    | Found Zodom's Antique Armour Shoppe.
 18626 | Orc:2    | Found Resocr Kugy's Magic Scroll Shoppe.
 18635 | Orc:2    | Bought a scroll of teleportation for 36 gold pieces
 18635 | Orc:2    | Bought a scroll of fear for 48 gold pieces
 18635 | Orc:2    | Bought a scroll of immolation for 48 gold pieces
 18695 | Orc:2    | Found Peatuc's Jewellery Boutique.
 18695 | Orc:2    | Found Unosoc's General Store.
 18697 | Orc:2    | Received a gift from Sif Muna
 18700 | Orc:2    | Got Sif Muna's Secrets of Conflict {god gift}
 18942 | Orc:2    | Found Acsywot's Armour Shop.
 18942 | Orc:2    | Found Wuastrauc's Antique Armour Shoppe.
 19058 | Orc:2    | Found Zaasmic's Assorted Antiques.
 19088 | Orc:2    | Found Wurruimp's Armour Shop.
 19321 | Orc:2    | Bought the +3 hat of Pondering {ponderous, Will+ MP+10
                  | Int+5} for 914 gold pieces
 19321 | Orc:2    | Found the +3 hat of Pondering {ponderous, Will+ MP+10
                  | Int+5}
 19333 | Orc:2    | Bought a translucent leather armour for 168 gold pieces
 19333 | Orc:2    | Identified the +3 leather armour "Qusentoihe" {rF- Dex+6
                  | Stlth+} (You bought it in a shop on level 2 of the Orcish
                  | Mines)
 19333 | Orc:2    | Bought a pair of embroidered gloves for 180 gold pieces
 19423 | D:12     | Reached XP level 14. HP: 109/109 MP: 27/27
 20536 | D:13     | Noticed Frances
 20544 | D:13     | Killed Frances
 20668 | D:13     | Found a runed translucent gate.
 20668 | D:13     | Found a runed translucent gate.
 20669 | D:13     | Noticed 112233's ghost (journeyman HuIE)
 20670 | D:13     | Found a runed translucent gate.
 21169 | D:14     | Found a runed translucent gate.
 21169 | D:14     | Found a runed translucent gate.
 21169 | D:14     | Found a runed translucent gate.
 21173 | D:14     | Noticed Hallut's ghost (journeyman OgFi)
 21229 | D:14     | Got Sif Muna's Collected Works on Amorphous Graupel
 21363 | D:14     | Noticed Jorgrun
 21431 | D:14     | Killed Jorgrun
 21432 | D:14     | Reached skill level 10 in Fighting
 21617 | D:14     | Received a gift from Sif Muna
 21628 | D:14     | Got Sif Muna's Textbook on Voltage {god gift}
 22103 | D:14     | Reached skill level 10 in Shields
 22103 | D:14     | Reached skill level 15 in Conjurations
 22391 | D:14     | Found a gate to the Vaults.
 22468 | D:15     | Entered Level 15 of the Dungeon
 22479 | D:15     | Noticed fly's ghost (journeyman DgDe)
 22571 | D:15     | Found a runed translucent door.
 22620 | D:15     | Noticed Roxanne
 23180 | D:15     | Reached XP level 15. HP: 117/117 MP: 13/28
 23213 | D:15     | Noticed Rupert
 23220 | D:15     | Killed Rupert
 23240 | D:15     | Found a staircase to the Depths.
 23248 | D:15     | Received a gift from Sif Muna
 23249 | D:15     | Got Orulaenat's Tome of Frigid Confrontation {god gift}
 23492 | D:15     | Reached skill level 10 in Spellcasting
 23657 | D:15     | Killed fly's ghost
 25319 | Lair:5   | Found the +8 trident of the Octopus King {venom, rElec
                  | rPois}
 25324 | Lair:5   | Identified the +6 dire flail "Fiukum" {freeze, rElec rCorr
                  | Dex+3}
 25333 | Lair:5   | Identified the ring of Ozupu {Fire Str+2}
 25680 | Lair:4   | Learned a level 5 spell: Irradiate
 25735 | Swamp:1  | Entered Level 1 of the Swamp
 25753 | Swamp:1  | Reached skill level 1 in Polearms
 26025 | Swamp:1  | Received a gift from Sif Muna
 26026 | Swamp:1  | Got Sif Muna's Anthology of Energetic Poison {god gift}
 26261 | Swamp:1  | Noticed a thorn hunter
 26268 | Swamp:1  | Killed a thorn hunter
 26690 | Swamp:2  | Upgraded the game from 0.30-a0-950-gbf40cfac39 to
                  | 0.30-a0-954-gcf5f444c16
 27617 | Swamp:3  | Reached XP level 16. HP: 126/126 MP: 26/31
 27953 | Swamp:3  | Noticed Mara
 27967 | Swamp:3  | Killed Mara
 28242 | Swamp:4  | Entered Level 4 of the Swamp
 28502 | Swamp:4  | Received a gift from Sif Muna
 29111 | Swamp:4  | Reached skill level 5 in Dodging
 29473 | Swamp:4  | Got a decaying rune of Zot
 30231 | Elf:1    | Entered Level 1 of the Elven Halls
 30261 | Elf:1    | Found Neschefo's Antique Weapon Shoppe.
 30280 | Elf:1    | Learned a level 4 spell: Olgreb's Toxic Radiance
 30382 | Elf:1    | Identified the +7 glaive of Pain and Death {speed, rPois
                  | rN+}
 30732 | Elf:1    | Noticed Louise
 30738 | Elf:1    | Killed Louise
 30788 | Elf:1    | Reached skill level 1 in Poison Magic
 30789 | Elf:1    | Received a gift from Sif Muna
 30950 | Elf:1    | Reached XP level 17. HP: 113/134 MP: 30/32
 30993 | Elf:1    | Identified the +2 leather armour "Wimoak" {rC+ Int+3 Dex+2}
 31063 | Elf:1    | Found a runed translucent gate.
 31063 | Elf:1    | Found a runed translucent gate.
 31063 | Elf:1    | Found a runed translucent gate.
 31063 | Elf:1    | Found a runed translucent gate.
 31063 | Elf:1    | Found a runed translucent gate.
 31066 | Elf:1    | Found a runed translucent gate.
 31569 | Elf:2    | Found a runed translucent gate.
 31574 | Elf:2    | Found a runed translucent gate.
 31574 | Elf:2    | Found a runed translucent gate.
 31973 | Elf:2    | Found Mycliroc's Assorted Antiques.
 31979 | Elf:2    | Bought a wand of roots (6) for 302 gold pieces
 31979 | Elf:2    | Bought a scroll of teleportation for 63 gold pieces
 32133 | Elf:2    | Received a gift from Sif Muna
 32135 | Elf:2    | Got Sif Muna's Octavo of the Spatial Wind {god gift}
 33357 | Elf:3    | Entered Level 3 of the Elven Halls
 33360 | Elf:3    | Upgraded the game from 0.30-a0-954-gcf5f444c16 to
                  | 0.30-a0-967-g9b59a09336
 33365 | Elf:3    | Learned a level 3 spell: Ignite Poison
 33399 | Elf:3    | Reached skill level 10 in Invocations
 34091 | Elf:3    | Found a runed translucent door.
 34352 | Elf:3    | Noticed a Brimstone Fiend
 34440 | Elf:3    | Identified the +2 hand axe of Corruption {spect, Str+4
                  | Dex+3}
 34507 | Elf:3    | Identified the amulet "Dureg" {*Corrode rElec Regen+ Str-3
                  | Slay+5}
 34513 | Elf:3    | Reached skill level 5 in Poison Magic
 34613 | Elf:3    | Reached XP level 18. HP: 143/143 MP: 32/33
 34840 | Elf:2    | Learned a level 2 spell: Poisonous Vapours
 34902 | Elf:3    | Received a gift from Sif Muna
 34903 | Elf:3    | Got Sif Muna's Quarto of Destined Bruises {god gift}
 35000 | Elf:3    | Noticed a Hell Sentinel
 35140 | Elf:3    | Identified the +7 battleaxe "Ihaeppui" {freeze, rCorr}
 35648 | Elf:3    | Identified the +0 plate armour of Hairiness {Str+3}
 36105 | Elf:3    | Identified the staff of fire "Zoynt" {rF+ rN+ Dex+4}
 36119 | Elf:3    | Got Cigotuvi's Monograph on Profane Acts
 36422 | Vaults:1 | Entered Level 1 of the Vaults
 36434 | Vaults:1 | Upgraded the game from 0.30-a0-967-g9b59a09336 to
                  | 0.30-a0-983-g7e3032bf44
 37494 | Vaults:1 | Found Isergh's Magic Scroll Shop.
 37502 | Vaults:1 | Bought 2 scrolls of blinking for 285 gold pieces
 37622 | Vaults:1 | Received a gift from Sif Muna
 37689 | Vaults:1 | Got Poanusiq's Elucidation of Bringing Forth {god gift}
 38470 | Vaults:2 | Identified the +2 robe of the Flying Gods {rF- Str+4 Dex+3}
 38642 | Vaults:2 | Identified the +3 scimitar "Ejish" {heavy, rPois rC+ Dex+4
                  | Stlth-}
 38846 | Vaults:2 | Found Athuon's Armour Boutique.
 38975 | Vaults:2 | Reached XP level 19. HP: 110/150 MP: 9/35
 39374 | Vaults:2 | Received a gift from Sif Muna
 39375 | Vaults:2 | Reached skill level 5 in Polearms
 39375 | Vaults:2 | Reached skill level 1 in Fire Magic
 39377 | Vaults:2 | Got Sif Muna's Folio of Cunning Teratogeny {god gift}
 39822 | Vaults:3 | Identified the +0 leather armour of Devotion {Rampage Fly
                  | rF+ Will+}
 40167 | Vaults:3 | Found a portal to a secret trove of treasure.
 40376 | Vaults:3 | Reached ****** piety under Sif Muna
 40878 | Vaults:3 | Noticed a golden dragon
 40889 | Vaults:3 | Killed a golden dragon
 41261 | Vaults:3 | Found a staircase to the Crypt.
 41442 | Vaults:3 | Identified the +5 dagger "Oteqy" {heavy, rPois rN++ Dex-2
                  | SInv}
 42117 | Vaults:4 | Received a gift from Sif Muna
 42118 | Vaults:4 | Got Sif Muna's Codex of Misfortune and Cryomancy {god gift}
 42177 | Vaults:4 | Found Kosoisch's Weapon Shop.
 43526 | Vaults:4 | Reached XP level 20. HP: 159/159 MP: 36/36
 43889 | Vaults:4 | Learned a level 6 spell: Starburst
 43953 | Crypt:1  | Entered Level 1 of the Crypt
 43974 | Crypt:1  | Received a gift from Sif Muna
 45501 | Crypt:2  | Received a gift from Sif Muna
 46030 | Crypt:2  | Reached skill level 5 in Fire Magic
 46112 | Crypt:2  | Learned a level 1 spell: Apportation
 46114 | Crypt:2  | Got Sif Muna's Monograph on Befouled Summoning {god gift}
 46851 | Crypt:3  | Entered Level 3 of the Crypt
 47311 | Crypt:3  | Found a staircase to the Tomb.
 47816 | Crypt:3  | Received a gift from Sif Muna
 47817 | Crypt:3  | Got Sif Muna's Vellum of Bolts {god gift}
 48428 | Crypt:3  | Noticed a royal mummy
 48933 | Crypt:3  | Killed a royal mummy
 48987 | Crypt:3  | Identified the +6 great sword of Bauteekko {freeze, Fly
                  | rN++ Will+ Str-2}
 49385 | Crypt:3  | Reached XP level 21. HP: 167/167 MP: 30/38
 49860 | Crypt:3  | Identified the +2 robe of Patterns {Str+3 Dex+2}
 50250 | Orc:2    | Bought the +3 pair of gloves "Dahi" {rN++} for 629 gold
                  | pieces
 50291 | Orc:2    | Bought the +1 scale mail of Resourcefulness {Regen+ Int+2}
                  | for 303 gold pieces
 50472 | Spider:1 | Entered Level 1 of the Spider Nest
 50475 | Spider:1 | Received a gift from Sif Muna
 50552 | Spider:1 | Noticed Aizul
 50561 | Spider:1 | Killed Aizul
 50598 | Spider:1 | Reached skill level 1 in Armour
 50892 | Spider:1 | Reached skill level 15 in Fighting
 51326 | Spider:2 | Received a gift from Sif Muna
 52482 | Spider:3 | Received a gift from Sif Muna
 52835 | Spider:3 | Received a gift from Sif Muna
 52836 | Spider:3 | Got Sif Muna's Codex of Malevolent Rites {god gift}
 53091 | Spider:4 | Entered Level 4 of the Spider Nest
 54118 | Spider:4 | Identified a scroll of acquirement
 54136 | Spider:4 | Acquired 514 gold pieces
 54147 | Spider:4 | Reached skill level 5 in Armour
 54238 | Spider:4 | Got a gossamer rune of Zot
 54596 | Depths:1 | Entered Level 1 of the Depths
 54627 | Depths:1 | Received a gift from Sif Muna
 54914 | Depths:1 | Found Tahios's Distillery.
 54949 | Depths:1 | Found a gateway to Hell.
 55017 | Depths:1 | Found a blossoming altar of Fedhas.
 55099 | Depths:1 | Reached XP level 22. HP: 169/176 MP: 35/39
 55240 | Depths:1 | Received a gift from Sif Muna
 55241 | Depths:1 | Got Sif Muna's Volume of Tectonic Companions {god gift}
 55295 | Depths:1 | Found a one-way gate leading to the halls of Pandemonium.
 55315 | Depths:1 | Noticed the Enchantress
 55342 | Depths:1 | Killed the Enchantress
 55487 | Depths:1 | Noticed Bai Suzhen
 55497 | Depths:1 | Killed Bai Suzhen
 55540 | Depths:1 | Found a sacrificial altar of Ru.
 55924 | Depths:1 | Found Zaisos's Antique Armour Boutique.
 55932 | Depths:1 | Bought a smouldering scale mail for 396 gold pieces
 55932 | Depths:1 | Identified the +2 scale mail "Ytocluez" {Str+6 Int+4 Dex-4}
                  | (You bought it in a shop on level 1 of the Depths)
 56180 | Depths:2 | Found Bibb's Antique Weapon Shoppe.
 56191 | Depths:2 | Found Noonios's Antique Armour Shoppe.
 56191 | Depths:2 | Found Kuotret's General Store.
 56196 | Depths:2 | Found Cechulimp's Jewellery Emporium.
 56203 | Depths:2 | Reached skill level 1 in Transmutations
 56203 | Depths:2 | Bought a pair of runed boots for 337 gold pieces
 56231 | Depths:2 | Bought the ring of Soux {rCorr Str+3 Int+6 Dex+2 Stlth-}
                  | for 980 gold pieces
 56242 | Depths:2 | Bought a scroll of teleportation for 60 gold pieces
 56242 | Depths:2 | Bought a scroll of fog for 80 gold pieces
 56242 | Depths:2 | Bought a scroll of fog for 80 gold pieces
 56253 | Depths:2 | Found Gozag's Platinum Reserve.
 56256 | Depths:2 | Found an opulent altar of Gozag.
 56262 | Depths:2 | You fall into a shaft and drop 1 floor!
 56317 | Depths:3 | Found Guanus's Antique Weapon Boutique.
 56813 | Depths:3 | Received a gift from Sif Muna
 56814 | Depths:3 | Got Sif Muna's Almanac of the Fey Nimbus {god gift}
 57065 | Depths:3 | Found a one-way gate to the infinite horrors of the Abyss.
 57118 | Depths:3 | Found a corrupted altar of Lugonu.
 57259 | Depths:3 | Identified the +1 scale mail of Agoraphobia {+Blink}
 57926 | Depths:4 | Entered Level 4 of the Depths
 57926 | Depths:4 | Noticed a juggernaut
 57928 | Depths:4 | Identified the ring of Coaqeus {Ice Dex+3}
 57928 | Depths:4 | Noticed Josephina
 57947 | Depths:4 | Noticed a golden dragon
 57950 | Depths:4 | Killed a golden dragon
 57967 | Depths:3 | Killed a juggernaut
 58257 | Depths:4 | Killed Josephina
 58258 | Depths:4 | Reached skill level 10 in Fire Magic
 58815 | Depths:4 | Found Ojemeona's Jewellery Shop.
 58825 | Depths:4 | Bought the amulet of Kor Ibea {RegenMP rC+ MP+9 Str+6} for
                  | 1359 gold pieces
 58891 | Depths:4 | Found a one-way gateway to a ziggurat.
 58911 | Depths:4 | Found a runed translucent gate.
 58912 | Depths:4 | Found a runed translucent gate.
 58912 | Depths:4 | Found an opulent altar of Gozag.
 58913 | Depths:4 | Found a runed translucent gate.
 58915 | Depths:4 | Noticed a caustic shrike
 58915 | Depths:4 | Noticed Ozunowat's ghost (veteran GnSk)
 58917 | Depths:4 | Found Bapaihov's Assorted Antiques.
 59007 | Depths:4 | Found a gate to the Realm of Zot.
 59028 | Depths:4 | Reached XP level 23. HP: 168/185 MP: 27/40
 59028 | Depths:4 | Received a gift from Sif Muna
 59043 | Depths:4 | Got Sif Muna's Writings on Boreal Ceraunoscopy {god gift}
 59290 | Depths:4 | Found a shimmering blue altar of Sif Muna.
 59388 | Depths:4 | Identified the amulet "Nesas" {RegenMP Str+4 Stlth-}
 59833 | Vaults:3 | You paid a toll of +4 storm dragon scales to enter a
                  | treasure trove
 59834 | Trove    | Entered a treasure trove
 59846 | Trove    | Identified the +5 trident "Ulust" {venom, rPois}
 59851 | Trove    | Identified the +0 tower shield "Onaxaluf" {rElec rF- rC-
                  | Int+5}
 59852 | Trove    | Identified the amulet of Suicidal Tendencies {rF- rN+
                  | Regen+ rCorr}
 59857 | Trove    | Identified the +3 scale mail "Yraipninu" {Will+ Int+3 Dex-4
                  | SInv}
 60236 | Slime:1  | Entered Level 1 of the Pits of Slime
 60713 | Slime:5  | Entered Level 5 of the Pits of Slime
 61097 | Slime:5  | Noticed the Royal Jelly
 61108 | Slime:5  | Killed the Royal Jelly
 61282 | Slime:5  | Got a slimy rune of Zot
 61285 | Slime:5  | Identified the +6 halberd "Lyajur" {flame, Will+ Int+5}
 61348 | Slime:5  | Identified the +7 mace "Nuwnydan" {protect, rC+}
 61380 | Slime:5  | Identified the staff of air "Lishror" {Fly rElec rF+ Int-4}
 61859 | Zot:1    | Entered Level 1 of the Realm of Zot
 61913 | Zot:1    | Learned a level 5 spell: Plasma Beam
 62208 | Zot:1    | Reached skill level 15 in Invocations
 62340 | Zot:1    | Reached skill level 1 in Air Magic
 62678 | Zot:1    | Identified the ring of the Barracuda {rElec rC++ Str+6}
 63113 | Zot:1    | Reached XP level 24. HP: 195/195 MP: 41/41
 63448 | Zot:1    | Identified the +3 ring mail "Riqo" {rElec}
 63998 | Zot:2    | Upgraded the game from 0.30-a0-983-g7e3032bf44 to
                  | 0.30-a0-986-g7f2e898f52
 64037 | Zot:2    | Reached skill level 15 in Spellcasting
 64302 | Zot:2    | Learned a level 5 spell: Fireball
 64459 | Zot:2    | Identified the +4 ring mail "Wennel" {Will++ SInv}
 65065 | Zot:3    | Noticed a Killer Klown
 65071 | Zot:3    | Killed a Killer Klown
 66070 | Zot:3    | Noticed Vv
 66270 | Zot:3    | Killed Vv
 66791 | Zot:3    | Identified the +6 chain mail of Discretion {+Inv Will+}
 66966 | Zot:4    | Noticed a Killer Klown
 66979 | Zot:3    | Killed a Killer Klown
 67040 | Zot:4    | Noticed a Killer Klown
 67059 | Zot:4    | Killed a Killer Klown
 67838 | Zot:4    | Reached XP level 25. HP: 203/203 MP: 33/43
 69469 | Vaults:5 | Entered Level 5 of the Vaults
 69513 | Vaults:5 | Reached skill level 15 in Fire Magic
 69870 | Vaults:5 | Identified the +5 glaive of Makhleb, Mashing {antimagic,
                  | rPois Str+3 SInv Stlth+}
 69941 | Vaults:5 | Identified the +2 glaive of Truncation {vamp, *Noise rPois
                  | Int+8 Dex-5}
 70136 | Vaults:5 | Got a silver rune of Zot
 70152 | Vaults:5 | Identified the ring "Faczec" {rC++ Int+6}
 70564 | Vaults:5 | Found Ishir's Weapon Boutique.
 71164 | Vaults:5 | Identified the +4 longbow of the Spectre {drain, rPois rN+
                  | rCorr Int+6}
 71642 | D:14     | Learned a level 8 spell: Ignition
 71658 | D:14     | Killed Hallut's ghost
 71791 | D:13     | Killed 112233's ghost
 71814 | D:13     | Identified the +0 broad axe "Vahul" {drain, Fly rCorr
                  | Str-2}
 71896 | D:15     | Killed Roxanne
 72268 | Orc:1    | Killed Xefoanen's ghost
 72821 | Depths:4 | Killed Ozunowat's ghost
 72918 | Depths:4 | Bought a scroll of teleportation for 114 gold pieces
 72918 | Depths:4 | Bought a polished cloak for 361 gold pieces
 72918 | Depths:4 | Identified the +2 cloak "Ytwomej" {Rampage SInv} (You
                  | bought it in a shop on level 4 of the Depths)
 72946 | Zig:1    | Entered Level 1 of a ziggurat
 72960 | Zig:2    | Entered Level 2 of a ziggurat
 72981 | Zig:3    | Entered Level 3 of a ziggurat
 72985 | Zig:3    | Found the +5 glaive of the Guard {elec, spectral, AC+5}
 72986 | Zig:3    | Reached XP level 26. HP: 210/210 MP: 43/43
 73011 | Zig:4    | Entered Level 4 of a ziggurat
 73052 | Zig:5    | Entered Level 5 of a ziggurat
 73079 | Zig:5    | Identified the +10 plate armour of Leaves {Fly Dex+5}
 73101 | Zig:6    | Entered Level 6 of a ziggurat
 73106 | Zig:6    | Noticed Apnu the pandemonium lord
 73129 | Zig:6    | Killed Apnu the pandemonium lord
 73136 | Zig:6    | Identified the staff of air "Kocit" {rElec rF++ rC+}
 73137 | Zig:6    | Identified the staff of death "Anucysm" {*Slow rN+ Dex+4
                  | Stlth+}
 73139 | Zig:6    | Identified the +9 dire flail of Sumyxt {elec, rF+ Will-
                  | Int+3 Dex+2}
 73199 | Zig:7    | Entered Level 7 of a ziggurat
 73224 | Zig:7    | Identified the staff of earth "Qituvoif" {*Corrode rPois
                  | Will+ Stlth+}
 73398 | Zig:8    | Entered Level 8 of a ziggurat
 73492 | Zig:9    | Entered Level 9 of a ziggurat
 73521 | Zig:9    | Identified the staff of air "Kaqol" {rElec rCorr Str+4}
 73522 | Zig:9    | Identified the +11 rapier of the Purse {pain, *Noise Dex+9}
 73680 | Pan      | Entered Pandemonium
 73834 | Pan      | Reached skill level 15 in Shields
 73984 | Pan      | Noticed Ignacio
 73996 | Pan      | Killed Ignacio
 74645 | Pan      | Found an exit through the horrors of the Abyss.
 74812 | Pan      | Found a runed translucent door.
 75205 | Pan      | Noticed Hueke the pandemonium lord
 75217 | Pan      | Killed Hueke the pandemonium lord
 76675 | Pan      | Noticed Doumoc the pandemonium lord
 76684 | Pan      | Killed Doumoc the pandemonium lord
 78287 | Pan      | Reached XP level 27. HP: 216/216 MP: 35/43
 78747 | Pan      | Noticed Resod the pandemonium lord
 78752 | Pan      | Killed Resod the pandemonium lord
 79292 | Pan      | Noticed Peahek the pandemonium lord
 79540 | Pan      | Noticed Pahifa the pandemonium lord
 79551 | Pan      | Killed Pahifa the pandemonium lord
 81189 | Pan      | Found a transporter.
 81694 | Pan      | Found a transporter.
 81723 | Pan      | Identified the amulet of Untruth {Reflect *Slow +Blink
                  | Int+3 SH+5 SInv}
 81736 | Pan      | Identified the ring of Syndicalism {Fly rPois}
 81741 | Pan      | Identified the ring "Fucuori" {Contam +Blink rCorr Str+6
                  | Int+2}
 81752 | Pan      | Identified the ring of Elakkeuq {rElec rN+ Str+2}
 81858 | Pan      | Learned a level 9 spell: Fire Storm
 82493 | Pan      | Noticed Cexoro Qaru the pandemonium lord
 82509 | Pan      | Found an exit through the horrors of the Abyss.
 82887 | Pan      | Noticed Laasmicw the pandemonium lord
 82897 | Pan      | Killed Laasmicw the pandemonium lord
 83115 | Pan      | Found an exit through the horrors of the Abyss.
 83827 | Pan      | Entered the realm of Gloorx Vloq.
 84801 | Pan      | Noticed Gloorx Vloq
 84808 | Pan      | Killed Gloorx Vloq
 84898 | Pan      | Got a dark rune of Zot
 85042 | Pan      | Entered the realm of Cerebov.
 85264 | Pan      | Identified the ring of Moru Qerani {Fire Will+++ Str-3
                  | Int+2 Dex+3}
 85347 | Pan      | Identified the +3 war axe "Demonslayer" {pain, Will+}
 85415 | Pan      | Identified the +9 morningstar of Nelor {drain, rCorr SInv}
 85423 | Pan      | Identified the +5 battleaxe "Bexel" {heavy, rElec rC-
                  | Int+3}
 85423 | Pan      | Identified the amulet of Zufyly {RegenMP Dex+3}
 85563 | Pan      | Identified the +9 mace of the Filigreed God {heavy, Int+2}
 85608 | Pan      | Identified the +1 sling of Hegix {speed, rPois Dex+4}
 85651 | Pan      | Found the +6 sword of Cerebov {flame}
 85651 | Pan      | Noticed Cerebov
 85659 | Pan      | Identified the amulet of Abetref {Reflect Drain rF+ rC+
                  | Dex+6 SH+5}
 85750 | Pan      | Killed Cerebov
 85763 | Pan      | Identified the +2 scale mail "Mogoen" {Rampage rPois rF-
                  | Will++}
 85764 | Pan      | Identified the staff of cold "Oqymoogy" {rC+ Dex+3}
 85765 | Pan      | Identified the staff of conjuration "Siuxt" {*Corrode Str+3
                  | Int+3}
 85844 | Pan      | Got a fiery rune of Zot
 86112 | Pan      | Entered the realm of Lom Lobon.
 86137 | Pan      | Upgraded the game from 0.30-a0-986-g7f2e898f52 to
                  | 0.30-a0-989-g0d87f670db
 86184 | Pan      | Found an exit through the horrors of the Abyss.
 86764 | Pan      | Noticed Lom Lobon
 86772 | Pan      | Killed Lom Lobon
 86798 | Pan      | Got a magical rune of Zot
 86985 | Pan      | Noticed Riphum the pandemonium lord
 87398 | Pan      | Found an exit through the horrors of the Abyss.
 87879 | Pan      | Noticed Qeulywis the pandemonium lord
 87895 | Pan      | Killed Qeulywis the pandemonium lord
 88170 | Pan      | Got a demonic rune of Zot
 88415 | Pan      | Found an exit through the horrors of the Abyss.
 88433 | Pan      | Noticed Sediomuych the pandemonium lord
 88770 | Pan      | Noticed Tyub the pandemonium lord
 88776 | Pan      | Killed Tyub the pandemonium lord
 89105 | Pan      | Entered the realm of Mnoleg.
 89359 | Pan      | Noticed Mnoleg
 89371 | Pan      | Killed Mnoleg
 89417 | Pan      | Got a glowing rune of Zot
 89526 | Pan      | Found an exit through the horrors of the Abyss.
 89551 | Pan      | Took an exit into the Abyss.
 89551 | Abyss:1  | Escaped into the Abyss
 89574 | Abyss:1  | Found an ornate altar of the Wu Jian Council.
 89578 | Abyss:1  | Found an ornate altar of the Wu Jian Council.
 89578 | Abyss:1  | Found an ornate altar of the Wu Jian Council.
 89741 | Abyss:1  | Found a stormy altar of Qazlal.
 89792 | Abyss:1  | Found a corrupted altar of Lugonu.
 89820 | Abyss:1  | Found a corrupted altar of Lugonu.
 89850 | Abyss:1  | Found a corrupted altar of Lugonu.
 89943 | Abyss:1  | Found a corrupted altar of Lugonu.
 90066 | Abyss:2  | Found a corrupted altar of Lugonu.
 90106 | Abyss:3  | Found a corrupted altar of Lugonu.
 90113 | Abyss:3  | Found a corrupted altar of Lugonu.
 90124 | Abyss:3  | Identified the +2 lajatang "Pacakhli" {antimagic, rPois}
 90136 | Abyss:3  | Got an abyssal rune of Zot
 90183 | Depths:1 | Escaped the Abyss
 90289 | Hell     | Entered the Vestibule of Hell
 90289 | Hell     | Noticed Geryon
 90298 | Hell     | Killed Geryon
 90974 | Hell     | Found a gateway to the freezing wastes of Cocytus.
 90983 | Coc:1    | Entered Level 1 of Cocytus
 90983 | Coc:1    | Noticed a dread lich
 90987 | Coc:1    | Killed a dread lich
 91745 | Coc:5    | Paralysed by a wendigo for 1 turns
 91944 | Coc:7    | Entered Level 7 of Cocytus
 92266 | Coc:7    | Paralysed by a wendigo for 1 turns
 92511 | Coc:7    | Paralysed by a wendigo for 1 turns
 92634 | Coc:7    | Paralysed by a wendigo for 1 turns
 92821 | Coc:7    | Identified the +2 robe "Juulus" {Str+2}
 92913 | Coc:7    | Paralysed by a wendigo for 1 turns
 93292 | Coc:7    | Identified the +10 long sword "Zaaties" {freeze, Str+5
                  | Dex+3}
 93292 | Coc:7    | Noticed Antaeus
 93306 | Coc:7    | Killed Antaeus
 93397 | Coc:7    | Got an icy rune of Zot
 93406 | Coc:7    | Identified the +1 rapier of Yredelemnul {speed, Str+4
                  | Int+4}
 93768 | Tomb:1   | Entered Level 1 of the Tomb of the Ancients
 94220 | Tomb:1   | Noticed a royal mummy
 94224 | Tomb:1   | Killed a royal mummy
 94236 | Tomb:1   | Noticed a royal mummy
 94241 | Tomb:1   | Killed a royal mummy
 94258 | Tomb:1   | Noticed a royal mummy
 94268 | Tomb:1   | Killed a royal mummy
 94522 | Tomb:1   | Identified the +6 hand crossbow "Jellyslayer" {flame, rElec
                  | Int+2 Dex+3 SInv}
 94745 | Tomb:2   | Noticed a royal mummy
 94746 | Tomb:2   | Noticed a royal mummy
 94747 | Tomb:2   | Noticed a royal mummy
 94747 | Tomb:2   | Noticed a royal mummy
 94763 | Tomb:2   | Killed a royal mummy
 94767 | Tomb:2   | Killed a royal mummy
 94774 | Tomb:2   | Killed a royal mummy
 94778 | Tomb:2   | Killed a royal mummy
 95283 | Tomb:1   | Noticed a royal mummy
 95284 | Tomb:1   | Noticed a royal mummy
 95289 | Tomb:1   | Killed a royal mummy
 95291 | Tomb:1   | Killed a royal mummy
 95301 | Tomb:1   | Noticed a royal mummy
 95307 | Tomb:1   | Killed a royal mummy
 95307 | Tomb:1   | Noticed a royal mummy
 95309 | Tomb:1   | Noticed a royal mummy
 95310 | Tomb:1   | Noticed a royal mummy
 95312 | Tomb:1   | Killed a royal mummy
 95313 | Tomb:1   | Killed a royal mummy
 95313 | Tomb:1   | Killed a royal mummy
 95313 | Tomb:1   | Noticed a royal mummy
 95315 | Tomb:1   | Noticed a royal mummy
 95319 | Tomb:1   | Killed a royal mummy
 95322 | Tomb:1   | Killed a royal mummy
 95421 | Tomb:1   | Noticed a royal mummy
 95427 | Tomb:1   | Killed a royal mummy
 95430 | Tomb:1   | Noticed a royal mummy
 95435 | Tomb:1   | Killed a royal mummy
 95438 | Tomb:1   | Noticed a royal mummy
 95445 | Tomb:1   | Noticed a royal mummy
 95445 | Tomb:1   | Killed a royal mummy
 95449 | Tomb:1   | Killed a royal mummy
 95449 | Tomb:1   | Noticed a royal mummy
 95460 | Tomb:1   | Killed a royal mummy
 95603 | Tomb:1   | Noticed a royal mummy
 95606 | Tomb:1   | Killed a royal mummy
 95627 | Tomb:2   | Noticed Khufu
 95628 | Tomb:2   | Noticed a royal mummy
 95630 | Tomb:2   | Noticed a royal mummy
 95634 | Tomb:2   | Killed a royal mummy
 95635 | Tomb:2   | Killed Khufu
 95637 | Tomb:2   | Killed a royal mummy
 95810 | Tomb:3   | Entered Level 3 of the Tomb of the Ancients
 95837 | Tomb:3   | Noticed a royal mummy
 95840 | Tomb:3   | Killed a royal mummy
 95844 | Tomb:3   | Noticed a royal mummy
 95847 | Tomb:3   | Noticed a royal mummy
 95847 | Tomb:3   | Noticed a royal mummy
 95847 | Tomb:3   | Noticed a royal mummy
 95849 | Tomb:3   | Killed a royal mummy
 95850 | Tomb:3   | Killed a royal mummy
 95850 | Tomb:3   | Killed a royal mummy
 95850 | Tomb:3   | Killed a royal mummy
 95851 | Tomb:3   | Noticed a royal mummy
 95851 | Tomb:3   | Noticed a royal mummy
 95853 | Tomb:3   | Noticed a royal mummy
 95854 | Tomb:3   | Killed a royal mummy
 95855 | Tomb:3   | Killed a royal mummy
 95856 | Tomb:3   | Killed a royal mummy
 95884 | Tomb:3   | Noticed a royal mummy
 95889 | Tomb:3   | Killed a royal mummy
 95903 | Tomb:3   | Identified the +8 short sword "Ypiomi" {heavy, rN+ Dex+2
                  | Stlth+}
 95946 | Tomb:3   | Got a golden rune of Zot
 95980 | Tomb:3   | Found the +5 demon whip "Spellbinder" {antimagic, disrupt,
                  | Will+}
 95990 | Tomb:3   | Identified the amulet of Propriety {Acrobat rF+ MP+9 Int+2}
 95994 | Tomb:3   | Identified the +5 broad axe of the Scorpion {drain, Int+2
                  | SInv}
 95998 | Tomb:3   | Identified the +9 chain mail of Yredelemnul's Esteem {Str-4
                  | Int+3 Slay+6}
 96000 | Tomb:3   | Identified the +10 long sword "Fawox" {venom, *Noise Fly
                  | rC+ Str+3}
 96002 | Tomb:3   | Identified the staff of death "Rucitad" {rC+ rN+}
 96010 | Tomb:3   | Identified the amulet "Leotysy" {Reflect Rampage rF- Str+2
                  | Dex+6 SH+5}
 96011 | Tomb:3   | Identified the staff of cold "Cuostrol" {rPois rC+ Str+2}
 96012 | Tomb:3   | Identified the +4 arbalest of Lust {freeze, Contam rPois
                  | Str+3 Dex+4}
 96466 | Hell     | Found a gateway to the Iron City of Dis.
 96615 | Hell     | Found a gateway to the decaying netherworld of Tartarus.
 96624 | Tar:1    | Entered Level 1 of Tartarus
 96983 | Tar:4    | Reached skill level 1 in Evocations
 98028 | Tar:7    | Entered Level 7 of Tartarus
 98544 | Tar:7    | Reached skill level 5 in Evocations
 99154 | Tar:7    | Identified the +6 sling "Quskiadi" {freeze, Contam rF+ rC++
                  | Str+4}
 99301 | Tar:7    | Noticed the Serpent of Hell
 99313 | Tar:7    | Killed the Serpent of Hell
 99387 | Tar:7    | Noticed Ereshkigal
 99401 | Tar:7    | Killed Ereshkigal
 99524 | Tar:7    | Identified the +11 sling of Vengeance {freeze, rC- Will+
                  | Str+2 Int+4}
 99525 | Tar:7    | Identified the staff of earth "Nuckiw" {Contam MP+9 Int+2
                  | Dex+4}
 99530 | Tar:7    | Got a bone rune of Zot
100105 | Dis:1    | Entered Level 1 of the Iron City of Dis
100738 | Dis:5    | Noticed a dread lich
100741 | Zig:1    | Entered Level 1 of a ziggurat
100831 | Zig:2    | Entered Level 2 of a ziggurat
100843 | Zig:2    | Identified the staff of death "Axyuff" {rF- rN+ Dex+4}
100848 | Zig:3    | Entered Level 3 of a ziggurat
100872 | Zig:4    | Entered Level 4 of a ziggurat
100903 | Zig:5    | Entered Level 5 of a ziggurat
100922 | Zig:5    | Found the dreamshard necklace {*Dream Drain}
100937 | Zig:5    | Identified the ring "Pangilorch" {rPois rCorr Str-2 Slay+2}
100940 | Zig:5    | Identified the +1 robe of Gequodd {Dex+9}
100944 | Zig:5    | Identified the +8 scale mail of Qoeroc {Str+2}
100950 | Zig:6    | Entered Level 6 of a ziggurat
101005 | Zig:7    | Entered Level 7 of a ziggurat
101063 | Zig:8    | Entered Level 8 of a ziggurat
101069 | Zig:8    | Noticed Puruv the pandemonium lord
101070 | Zig:8    | Killed Puruv the pandemonium lord
101082 | Zig:8    | Identified the +5 leather armour of Doushrun {rElec}
101095 | Zig:8    | Identified the +2 plate armour of Ennui {rC++ Str-3}
101112 | Zig:9    | Entered Level 9 of a ziggurat
101119 | Zig:9    | Noticed a dread lich
101119 | Zig:9    | Noticed an ancient lich
101121 | Zig:9    | Killed a dread lich
101122 | Zig:9    | Killed an ancient lich
101167 | Zig:9    | Identified the +9 storm dragon scales "Oriesoeh" {rElec rC+
                  | Stlth+}
101177 | Zig:10   | Entered Level 10 of a ziggurat
101191 | Zig:10   | Noticed a royal mummy
101196 | Zig:10   | Killed a royal mummy
101217 | Zig:10   | Identified the +1 demon whip "Usank" {pain, Contam rElec
                  | rC- Int+9}
101268 | Zig:11   | Entered Level 11 of a ziggurat
101276 | Zig:11   | Noticed a juggernaut
101278 | Zig:11   | Killed a juggernaut
101364 | Zig:12   | Entered Level 12 of a ziggurat
101394 | Zig:12   | Identified the staff of fire "Umaov" {rF+ Str+3}
101422 | Zig:13   | Entered Level 13 of a ziggurat
101427 | Zig:13   | Identified the +1 tower shield of the Slightly Bent {-Cast
                  | +Blink rC+++ Slay-4}
101476 | Zig:13   | Identified the staff of cold "Boiwuah" {rElec rC+ Will+
                  | Dex-3}
101480 | Zig:13   | Identified the ring "Myfampopt" {Will+ Int+3}
101483 | Zig:13   | Identified the ring "Paedwouq" {Dex+2 SInv}
101511 | Zig:14   | Entered Level 14 of a ziggurat
101552 | Zig:14   | Identified the +1 robe "Neidwehu" {rF++ Int-2 Dex+8 Stlth+}
101554 | Zig:14   | Identified the ring of Moodiness {Will+ Str+2 Int+2}
101557 | Zig:14   | Identified the staff of death "Koheb" {Fragile rN+ Will+
                  | Int+5 Stlth+}
101568 | Zig:14   | Identified the +1 mace "Fufoteho" {flame, rPois rC+ MP+9
                  | Dex+3}
101570 | Zig:14   | Identified the +0 leather armour of Midnight {rF- rN+ Int+6
                  | Stlth+}
101591 | Zig:15   | Entered Level 15 of a ziggurat
101602 | Zig:15   | Noticed a dread lich
101605 | Zig:15   | Killed a dread lich
101650 | Zig:15   | Identified the ring of Attitude {Will+ AC+4}
101657 | Zig:15   | Identified the +5 battleaxe "Murmur" {holy, rF++}
101701 | Zig:16   | Entered Level 16 of a ziggurat
101718 | Zig:16   | Found the amulet of the Four Winds {rN+ Will+++ Clar}
101722 | Zig:16   | Found the +9 sword of Zonguldrok {reap}
101745 | Zig:16   | Identified the +3 shortbow of Vengeance {drain, rPois}
101809 | Zig:17   | Entered Level 17 of a ziggurat
101814 | Zig:17   | Noticed a juggernaut
101814 | Zig:17   | Noticed a juggernaut
101819 | Zig:17   | Killed a juggernaut
101819 | Zig:17   | Killed a juggernaut
101825 | Zig:17   | Noticed a juggernaut
101825 | Zig:17   | Killed a juggernaut
101934 | Zig:17   | Identified the +3 great sword "Egonyb" {heavy, Fly MP+9}
101979 | Zig:18   | Entered Level 18 of a ziggurat
102005 | Zig:18   | Reached skill level 27 in Invocations
102133 | Zig:18   | Identified the +7 morningstar "Sepathro" {venom, *Rage
                  | Will+ MP+9 Int+3}
102145 | Zig:18   | Identified the +1 quarterstaff "Arcanum" {venom, *Rage rN+
                  | rCorr Int+2}
102148 | Zig:18   | Identified the +4 trident "Soatz" {drain, rC++}
102149 | Zig:18   | Identified the +3 hand axe "Ciryn" {drain, rElec rPois MP+9
                  | Int+2}
102161 | Zig:18   | Identified the staff of earth "Loraqout" {Contam *Slow
                  | rElec rC+++}
102173 | Dis:5    | Killed a dread lich
102551 | Dis:7    | Entered Level 7 of the Iron City of Dis
102560 | Dis:7    | Found a huge runed gate.
102560 | Dis:7    | Found a huge runed gate.
102560 | Dis:7    | Found a huge runed gate.
102569 | Dis:7    | Found a huge runed gate.
102569 | Dis:7    | Found a huge runed gate.
102569 | Dis:7    | Found a huge runed gate.
103300 | Dis:7    | Identified the amulet of Doaqyu {Faith +Inv Int+3 Dex-5}
103506 | Dis:7    | Identified the ring "Qell" {Will+ MP+9 Int+4}
103839 | Dis:7    | Identified the +8 flail of the Valley of Death {freeze,
                  | rPois Str+3 Int+2 Dex-5}
104057 | Dis:7    | Identified the +5 spear of the Spider {flame, +Blink Int+3}
104488 | Dis:7    | Noticed Dispater
104492 | Dis:7    | Killed Dispater
104508 | Dis:7    | Got an iron rune of Zot
104597 | Dis:7    | Reached skill level 27 in Conjurations
104597 | Dis:7    | Reached skill level 27 in Fire Magic
104641 | Hell     | Found a gateway to the ashen valley of Gehenna.
104675 | Hell     | Learned a level 6 spell: Iron Shot
104677 | Geh:1    | Entered Level 1 of Gehenna
104691 | Geh:1    | Reached skill level 10 in Dodging
104708 | Geh:1    | Reached skill level 5 in Stealth
105761 | Geh:7    | Entered Level 7 of Gehenna
106285 | Geh:7    | Identified the ring "Riuhul" {rN+ SInv}
106518 | Geh:7    | Identified the +0 scale mail "Nuc Ryah" {*Corrode MP+9
                  | Int+3}
106929 | Geh:7    | Found the +7 sceptre of Asmodeus
106929 | Geh:7    | Noticed Asmodeus
106933 | Geh:7    | Killed Asmodeus
106980 | Geh:7    | Got an obsidian rune of Zot
107388 | Zot:5    | Entered Level 5 of the Realm of Zot
108148 | Zot:5    | Noticed an orb of fire
108149 | Zot:5    | Noticed an orb of fire
108150 | Zot:5    | Noticed an orb of fire
108225 | Zot:5    | Noticed an orb of fire
108225 | Zot:5    | Noticed an orb of fire
108229 | Zot:5    | Killed an orb of fire
108231 | Zot:5    | Killed an orb of fire
108274 | Zot:5    | Noticed an orb of fire
108278 | Zot:5    | Killed an orb of fire
108334 | Zot:5    | Noticed an ancient lich
108336 | Zot:5    | Killed an ancient lich
108360 | Zot:5    | Noticed an orb of fire
108364 | Zot:5    | Killed an orb of fire
108376 | Zot:5    | Killed an ancient lich
108384 | Zot:5    | Killed an orb of fire
108643 | Zot:5    | Noticed an ancient lich
108647 | Zot:5    | Killed an ancient lich
108819 | Zot:5    | Killed an orb of fire
109099 | Zot:5    | Got the Orb of Zot
109287 | Depths:2 | Noticed Asterion
109290 | Depths:2 | Killed Asterion
109651 | D:$      | Escaped with the Orb!

Illustrated notes

Levels and vault maps discovered:
D:1:      dpeg_arrival_subterranean_lakeside_camping, layout_basic,
          hellmonk_ecumenical_altar_inner_sanctum, kennysheep_pointless_box,
          dreamdust_wishing_well
D:2:      layout_rooms, uniq_terence, uniq_robin
D:3:      layout_basic, doesnt_xom_only_xom, nicolae_dithmenos_shadow_blocks
D:4:      layout_gridville, serial_shops, nicolae_shop_statue_plus,
          lightli_ossuary_entry_decrepit_ruins
D:5:      layout_rooms, chei_slow_surprise, minmay_shop_damaged, minivault_4,
          minmay_misc_feat_tiny
D:6:      layout_basic, minmay_temple_entry_glassed_door, uniq_maggie
D:7:      layout_basic, minmay_misc_feat_room
D:8:      layout_rooms, hangedman_abyss_or_decor_passed
D:9:      minmay_spotlight, layout_long_grid, erik_lair_island, enter_bailey_2,
          serial_shops, shop, nicolae_two_hexagons, kennysheep_generic_room_10
D:10:     layout_big_octagon, nicolae_overflow_two_pavilions, serial_shops,
          kennysheep_mini, nicolae_diode_intersection
D:11:     layout_roguey, uniq_snorg, uniq_nergalle, uniq_harold
D:12:     layout_roguey, orc_0_dummy, gauntlet_entry_generic
D:13:     layout_basic, gammafunk_ghost_hydra_chop, uniq_frances
D:14:     layout_cave_pools, grunt_vaults_entry_tiered,
          gammafunk_ghost_spectres, minivault_5, uniq_jorgrun
D:15:     gammafunk_depths_entry_grave, layout_irregular_city,
          hellmonk_ghost_happy_afterlife, hangedman_decor_points,
          corexii_leaking_fountain, uniq_roxanne, uniq_rupert
Temple:   bh_familiar_temple
Lair:1:   beast_lair_carwin_large_1, layout_chaotic_city, grunt_megastairs_3,
          uniq_urug
Lair:2:   layout_regular_city, minmay_swamp_entry_worms
Lair:3:   layout_regular_city, spider_nest_entry_rubble,
          infiniplex_staircase_pool, lemuel_fruit_fields
Lair:4:   layout_regular_city, pdpol_lair_neglected_garden
Lair:5:   gammafunk_lair_ancient_temple, layout_cave_pods, slime_entry_1
Swamp:1:  layout_basic_swamp, evilmike_swamp_ruin_house_2, swamp_pool1
Swamp:2:  layout_basic_swamp, evilmike_swamp_ruin_house_3
Swamp:3:  layout_basic_swamp, evilmike_swamp_ruin_rubble_2, swamp_pool1,
          uniq_mara
Swamp:4:  nzn_swamp_witches_coven, layout_basic_swamp,
          infiniplex_staircase_pool_2
Spider:1: layout_spider_delve, hellmonk_test_site, uniq_aizul
Spider:2: nicolae_spider_hilbert_zone_5 [nicolae_spider_hilbert_3_sides_1_open,
          nicolae_spider_hilbert_4_sides_1_open,
          nicolae_spider_hilbert_4_sides_1_open,
          nicolae_spider_hilbert_6_sides_1_open,
          nicolae_spider_hilbert_6_sides_1_open], hangedman_stitches_earthworm
Spider:3: layout_spider_delve, drop_trap, guppyfry_spider_mini_1
Spider:4: grunt_spider_rune_parallel, dreamdust_wasp_nest
Slime:1:  layout_caves
Slime:2:  layout_caves
Slime:3:  layout_caves, nicolae_slime_welcoming_committee
Slime:4:  layout_caves
Slime:5
Orc:1:    layout_diamond_mine, ebering_ghost_reflecting_pool
Orc:2:    st_orc_ogre_mass, layout_caves, serial_shops, nicolae_lakefront_shop,
          shop, nicolae_lakefront_shop, nicolae_shop_waterfront,
          nicolae_lakefront_shop, lemuel_statue_altar
Elf:1:    layout_gridlike, serial_shops, nicolae_shop_overgrown_old_shop,
          orc_legates, palyth_stone_intersect,
          amcnicky_mini_rare_corridor_liquid, lemuel_upstairs_altar, uniq_louise
Elf:2:    nicolae_elf_blades_splatter_lattice
          [nicolae_blade_entry_area_security], layout_geoelf_diagonals,
          serial_shops, nicolae_stop_n_shop_2, nrook_mini_backslash,
          hangedman_elf_disciples
Elf:3:    elf_hall_gauntlet_wide, layout_geoelf_diagonals, minivault_13
Vaults:1: v_pattern_1, v_misc_5, nicolae_vaults_windows_and_doors_thing,
          nicolae_vaults_what_the_h, vaults_room_door_hall,
          nicolae_vaults_mini_display_case, nicolae_vaults_statue_guard,
          vaults_dpeg_diagonal, layout_vaults_maze_bifur, serial_shops, shop
Vaults:2: v_misc_18, v_misc_4, v_misc_9, ontoclasm_vaults_twist,
          ontoclasm_vaults_gateway, st_diamondy, v_pattern_5,
          layout_vaults_ring, serial_shops, nicolae_shop_window_shopping
Vaults:3: hangedman_vaults_restitches, minmay_crypt_entry_simple_round,
          nicolae_vaults_network_s, nicolae_vaults_circle_grid_a, st_hourglassy,
          nicolae_vaults_little_squares_2, grunt_vaults_swirl,
          nicolae_vaults_little_ls, hangedman_vaults_capsules,
          layout_vaults_quadrants, enter_trove_5
Vaults:4: ontoclasm_vaults_fault, hangedman_vaults_nails, grunt_vaults_funnel,
          vaults_mumra_lcd, hangedman_vaults_snaps, v_alt_pattern_3,
          hangedman_vaults_variations, v_misc_10, nicolae_vaults_alarming,
          nicolae_vaults_theta, nicolae_vaults_ring_of_whatevers,
          vaults_dpeg_cross, layout_vaults_omnibox, serial_shops,
          nicolae_shop_bloodbath_and_beyond
Vaults:5
Crypt:1:  layout_misc_corridors, st_stairs_11, grunt_crypt_arrival_guarded_gate,
          grunt_megastairs_5
Crypt:2:  layout_rooms, nicolae_crypt_little_mausoleum
Crypt:3:  due_elkab, layout_chaotic_city, st_stairs_14, minicrypt_bobbens
Tomb:1
Tomb:2:   uniq_khufu
Tomb:3
Depths:1: layout_gridville, nicolae_ru_sacrificial_ziggurat, serial_shops,
          nicolae_square_shop, shop, pan_entry, hangedman_coc_ice_floe,
          fedhas_altar_3, uniq_enchantress, uniq_bai_suzhen
Depths:2: evilmike_wizard_prison, layout_gridlike, abyss_entry,
          nicolae_gozag_zags_fifth_avenue, special_room
          [special_room_mythical_zoo], pan_entry, hellmouth_2,
          infiniplex_staircase_9_rooms, minmay_shoptagon, serial_bayou_shore_a,
          uniq_asterion
Depths:3: kennysheep_green_arena, layout_gridlike, serial_shops, shop,
          minmay_crystal_room, hell_entry, abyss_entry_glasseish,
          tgw_lugonu_bribe
Depths:4: grunt_zot_entry_tricorne, layout_cave_shapes, enter_ziggurat_b,
          nicolae_tso_swordbearing_angel, hell_entry, ebering_ghost_gozag,
          serial_shops, shop, abyss_entry, nrook_campfire,
          hangedman_summoners_spam, uniq_josephina
Hell
Dis:1:    layout_regular_city
Dis:2:    layout_overlapping_boxes, nicolae_dis_spooky_hallway
Dis:3:    layout_gridville
Dis:4:    layout_gridville
Dis:5:    layout_regular_city, hangedman_dis_decor_tower, nrook_loot_triangle
Dis:6:    layout_jigsaw, nicolae_dis_emergency_hatch
Dis:7:    iron_city_of_dis [dis_grunt, dis_wall_6], layout_gridville,
          not_door_vault_mu
Geh:1:    nicolae_hells_demon_pit, layout_gehenna_lava_caves
Geh:2:    layout_gehenna_lava_caves
Geh:3:    layout_gehenna_pools_box, nicolae_geh_lava_lounge
Geh:4:    layout_gehenna_pools_basic
Geh:5:    layout_gehenna_pools_triple
Geh:6:    layout_gehenna_lava_caves
Geh:7:    geh_grunt
Coc:1:    layout_ice_bergs
Coc:2:    layout_cocytus_delve, nicolae_coc_statues_of_limitations
Coc:3:    layout_ice_bergs
Coc:4:    layout_ice_bergs, nicolae_hells_hurtin_island
Coc:5:    nicolae_coc_caina, layout_cocytus_water_paths
Coc:6:    layout_cocytus_water_paths
Coc:7:    coc_hangedman
Tar:1:    layout_grid_maze
Tar:2:    layout_honeycomb
Tar:3:    layout_cathedral_of_symmetry
Tar:4:    layout_grid_maze
Tar:5:    layout_catacombs
Tar:6:    minmay_shadows, layout_honeycomb
Tar:7:    tar_minmay_river
Zot:1:    lemuel_halls_of_wrath, layout_basic
Zot:2:    layout_gridlike
Zot:3:    layout_concentric_octagons, grunt_ministairs_10, grunt_megastairs_2,
          uniq_vv
Zot:4:    grunt_twist_and_shout, layout_concentric_octagons
Zot:5:    layout_gridville, grunt_ministairs_14

Skill      XL: |  1  2  3  4  5  6  7  8  9 10 11 12 13 14 15 16 17 18 19 20 21 22 23 24 25 26 27 |
---------------+----------------------------------------------------------------------------------+-----
Spellcasting   | 3 4 5 6 7 9 11 12 13 14 16 24 | 24.3
Conjurations   | 4 5 6 7 8 9 10 12 13 15 16 17 18 19 20 27 | 27.0
Hexes          | 1 |  1.1
Translocations | 1 |  1.1
Fighting       | 4 6 7 8 9 10 11 12 13 14 15 16 17 24 | 24.4
Dodging        | 3 4 5 6 7 8 9 12 | 12.4
Shields        | 3 5 6 7 8 10 11 12 13 14 15 19 | 19.9
Invocations    | 4 7 8 9 10 11 12 13 14 15 16 27 | 27.0
Stealth        | 3 4 9 |  9.9
Polearms       | 2 3 4 6 |  6.6
Poison Magic   | 1 5 6 |  6.6
Fire Magic     | 3 6 7 10 12 14 17 20 27 | 27.0
Armour         | 5 6 7 9 |  9.9
Transmutations | 1 |  1.1
Air Magic      | 1 |  1.1
Evocations     | 9 |  9.9

Action                     |  1- 3 |  4- 6 |  7- 9 | 10-12 | 13-15 | 16-18 | 19-21 | 22-24 | 25-27 || total
---------------------------+-------+-------+-------+-------+-------+-------+-------+-------+-------++-------
  Melee: Dagger            |    10 |    19 |    50 |    62 |    16 |       |       |       |       ||   157
         Punch             |       |       |     2 |     3 |       |       |       |       |       ||     5
         Trident           |       |       |       |       |     3 |   107 |    94 |    60 |   261 ||   525
         Staff             |       |       |       |       |       |       |    38 |    10 |   100 ||   148
  Throw: Dart              |       |     2 |     7 |     3 |     4 |       |       |     3 |     4 ||    23
         Throwing net      |       |       |     1 |       |     1 |       |       |       |       ||     2
         Stone             |       |       |     1 |       |       |       |       |       |       ||     1
   Cast: Magic Dart        |    90 |    76 |   122 |   217 |   319 |   222 |   161 |    64 |   316 ||  1587
         Searing Ray       |     2 |    12 |    40 |    64 |    25 |    34 |       |       |       ||   177
         Mephitic Cloud    |       |       |    12 |    61 |    32 |    52 |    16 |    30 |     9 ||   212
         Iskenderun's Batt |       |       |       |    58 |   110 |    95 |    92 |    52 |   190 ||   597
         Iskenderun's Myst |       |       |       |    25 |    76 |    63 |    39 |    48 |   280 ||   531
         Fulminant Prism   |       |       |       |    15 |    44 |    20 |     7 |       |       ||    86
         Orb of Destructio |       |       |       |       |   122 |   163 |   182 |   173 |   935 ||  1575
         Irradiate         |       |       |       |       |     2 |    19 |    29 |    32 |   198 ||   280
         Blink             |       |       |       |       |       |     6 |    14 |    13 |    29 ||    62
         Olgreb's Toxic Ra |       |       |       |       |       |    31 |    79 |    44 |     8 ||   162
         Ignite Poison     |       |       |       |       |       |    66 |   166 |   176 |   108 ||   516
         Poisonous Vapours |       |       |       |       |       |    90 |   285 |   356 |   182 ||   913
         Disjunction       |       |       |       |       |       |     1 |     2 |     1 |     3 ||     7
         Shatter           |       |       |       |       |       |       |     1 |       |     5 ||     6
         Starburst         |       |       |       |       |       |       |   186 |   170 |   233 ||   589
         Apportation       |       |       |       |       |       |       |     6 |     8 |    19 ||    33
         Plasma Beam       |       |       |       |       |       |       |       |    42 |     7 ||    49
         Fire Storm        |       |       |       |       |       |       |       |     1 |   363 ||   364
         Fireball          |       |       |       |       |       |       |       |    16 |   930 ||   946
         Maxwell's Capacit |       |       |       |       |       |       |       |     1 |     7 ||     8
         Ignition          |       |       |       |       |       |       |       |       |   175 ||   175
         Dragon's Call     |       |       |       |       |       |       |       |       |     1 ||     1
         Iron Shot         |       |       |       |       |       |       |       |       |   165 ||   165
         Polar Vortex      |       |       |       |       |       |       |       |       |     1 ||     1
 Invoke: Channel Magic     |       |       |       |     2 |     5 |     3 |     7 |     9 |    60 ||    86
         Divine Exegesis   |       |       |       |       |       |     1 |     3 |     3 |    17 ||    24
  Evoke: Wand              |       |     9 |     5 |     7 |    13 |     3 |     2 |    15 |    60 ||   114
         Box of beasts     |       |       |     1 |       |     2 |     1 |     2 |       |     1 ||     7
         Phial of floods   |       |       |       |       |     2 |     2 |       |       |     1 ||     5
         Phantom mirror    |       |       |       |       |       |       |     2 |     1 |     3 ||     6
         Lightning rod     |       |       |       |       |       |       |     1 |     5 |    12 ||    18
         Condenser vane    |       |       |       |       |       |       |       |     1 |     3 ||     4
         Tin of tremorston |       |       |       |       |       |       |       |       |     2 ||     2
         Horn of Geryon    |       |       |       |       |       |       |       |       |     1 ||     1
         Figurine of a zig |       |       |       |       |       |       |       |       |     1 ||     1
    Use: Scroll            |       |     2 |     1 |    17 |    13 |     9 |    12 |    24 |    68 ||   146
   Stab: Confused          |       |       |     4 |     6 |     1 |     2 |       |     2 |       ||    15
         Sleeping          |       |       |     1 |       |       |       |     1 |       |       ||     2
         Paralysed         |       |       |       |       |       |       |       |    14 |     4 ||    18
         Invisible         |       |       |       |       |       |       |       |       |     1 ||     1
 Armour: Robe              |     5 |    10 |    49 |    60 |    48 |    62 |    60 |       |       ||   294
         Scale mail        |       |       |       |       |       |       |    64 |   115 |   486 ||   665
  Dodge: Dodged            |     9 |    14 |    86 |   107 |    75 |   110 |   157 |   167 |   540 ||  1265
  Block: Buckler           |       |       |       |    13 |    42 |       |       |       |       ||    55
         Kite shield       |       |       |       |       |    22 |   143 |   290 |   228 |   735 ||  1418
         Tower shield      |       |       |       |       |       |       |       |       |   500 ||   500

Table legend: (Time is in decaauts)
 A = Elapsed time spent in this place.
 B = Non-inter-level travel time spent in this place.
 C = Inter-level travel time spent in this place.
 D = Time resting spent in this place.
 E = Time spent auto-exploring this place.
 F = Levels seen in this place.
 G = Mean time per level.
                   A        B        C        D        E       F      G
               +--------+--------+--------+--------+--------+-----+--------+
         Total | 114994 | 105553 |   9441 |  31703 |  31333 | 143 |  804.2 |
       Dungeon |  19031 |  16157 |   2874 |   3728 |   7877 |  15 | 1268.7 |
        Temple |     31 |     31 |      0 |      0 |      0 |   1 |   31.0 |
          Lair |   7158 |   6278 |    880 |   1420 |   3243 |   5 | 1431.6 |
         Swamp |   4804 |   4660 |    144 |   1598 |   1481 |   4 | 1201.0 |
   Spider Nest |   4103 |   3846 |    257 |   1128 |   1137 |   4 | 1025.8 |
    Slime Pits |   1192 |   1192 |      0 |    450 |      0 |   5 |  238.4 |
  Orcish Mines |   1719 |   1268 |    451 |    111 |    359 |   2 |  859.5 |
   Elven Halls |   6649 |   6089 |    560 |   2070 |   1541 |   3 | 2216.3 |
        Vaults |  10867 |   9894 |    973 |   3190 |   3441 |   5 | 2173.4 |
         Crypt |   6584 |   5964 |    620 |   2111 |   1959 |   3 | 2194.7 |
          Tomb |   2620 |   2480 |    140 |    558 |    387 |   3 |  873.3 |
        Depths |   7142 |   5881 |   1261 |   2152 |   1409 |   4 | 1785.5 |
          Hell |    456 |    385 |     71 |     74 |      0 |   1 |  456.0 |
           Dis |   3196 |   3123 |     73 |   1312 |    109 |   7 |  456.6 |
       Gehenna |   2503 |   2394 |    109 |   1059 |    128 |   7 |  357.6 |
       Cocytus |   2631 |   2564 |     67 |   1289 |      0 |   7 |  375.9 |
      Tartarus |   3626 |   3411 |    215 |   1042 |    796 |   7 |  518.0 |
           Zot |   9607 |   8871 |    736 |   2876 |   2948 |   5 | 1921.4 |
         Abyss |    686 |    686 |      0 |      0 |      0 |   4 |  171.5 |
   Pandemonium |  16651 |  16651 |      0 |   4231 |   4475 |  20 |  832.5 |
      Ziggurat |   2141 |   2141 |      0 |    787 |      0 |  27 |   79.3 |
         Trove |     49 |     49 |      0 |      0 |      0 |   1 |   49.0 |
       Ossuary |    445 |    445 |      0 |    136 |      0 |   1 |  445.0 |
        Bailey |    569 |    569 |      0 |    184 |     36 |   1 |  569.0 |
      Gauntlet |    522 |    522 |      0 |    193 |      0 |   1 |  522.0 |
               +--------+--------+--------+--------+--------+-----+--------+

Top non-repeatable levels by time:
 Crypt:3: 3112 daAuts
Vaults:3: 2979 daAuts
Depths:1: 2646 daAuts
   Elf:2: 2555 daAuts
   Elf:3: 2517 daAuts
   Zot:1: 2410 daAuts
   Zot:3: 2347 daAuts
 Crypt:1: 2237 daAuts
Vaults:4: 2201 daAuts
Depths:3: 2190 daAuts
   Tar:7: 2151 daAuts
   Dis:7: 2137 daAuts
   Zot:4: 2049 daAuts
Vaults:5: 1961 daAuts
 Swamp:4: 1937 daAuts
